 Dungeon Crawl Stone Soup version 0.31-a0-986-g5e6e4ef867 (webtiles) character file.

Game seed: 971191403703963488

2224563 Runia the Sorcerer (level 27, 220/220 HPs)
             Began as a Djinni Air Elementalist on Nov 8, 2023.
             Was an Initiate of Gozag.
             Escaped with the Orb
             ... and 5 runes on Nov 10, 2023!
             The game lasted 05:29:31 (117481 turns).

Runia the Sorcerer (Djinni Air Elementalist)      Turns: 117481, Time: 05:29:31

Health: 220/220    AC: 11    Str:  6    XL:     27
Gold:   1443       EV: 25    Int: 32    God:    Gozag SH: 20 Dex: 21

rFire   + + +        L - +9 double sword (spect)
rCold   + + .        P - +5 kite shield
rNeg    . . .        F - +0 robe of the Bagpipe {rC+ Regen+ Dex+3}
rPois   ∞            f - +3 helmet of the Manifold Souls {Slay+3}
rElec   +            u - scarf {rC+ rF+}
rCorr   .            a - +3 pair of gauntlets of War {Slay+5}
SInv    .            (boots unavailable)
Will    ++...        X - amulet of Otwim {Regen+ Int+7}
Stlth   +            Y - ring "Vivuxopt" {Wiz rF+}
HPRegen 2.16/turn    R - ring of the Cockatrice {Ice rElec rPois Str-3 Slay+3}
MPRegen 0.00/turn

%: wizardry (x1)
@: flying, studying Fighting
A: sickness immunity, fire resistance 3, cold vulnerability 1, float, innate
caster, HP casting, extra vitality 1, deterioration 1, robust 1
0: Orb of Zot
}: 5/15 runes: barnacled, slimy, silver, abyssal, gossamer
a: Renounce Religion, Potion Petition, Call Merchant, Bribe Branch


You escaped.
You worshipped Gozag.
Gozag was most pleased with you.
You visited 12 branches of the dungeon, and saw 56 of its levels.
You visited the Abyss 2 times.
You also visited: Gauntlet.

You collected 32001 gold pieces.
You spent 5063 gold pieces at shops.
You paid 25495 gold pieces to Gozag.

Inventory:

Hand Weapons
 o - a +9 heavy triple sword
   (You took it off Zenata on level 1 of the Crypt)
 L - a +9 spectral double sword (weapon)
   (You took it off Urug on level 5 of the Lair of Beasts)
Missiles
 g - 5 throwing nets {=f, !d}
Armour
 a - the +3 pair of gauntlets of War (worn) {Slay+5}
   (You found it on level 5 of the Vaults)

   Slay+5:    It affects your accuracy & damage with ranged weapons and melee
   (+5).
 f - the +3 helmet of the Manifold Souls (worn) {Slay+3}
   (You took it off Robin on level 2 of the Dungeon)

   Slay+3:    It affects your accuracy & damage with ranged weapons and melee
   (+3).
 u - a scarf of resistance (worn)
   (You found it on level 4 of the Spider Nest)
 B - a +2 troll leather armour {regen}
   (You bought it in a shop on level 2 of the Orcish Mines)
 F - the +0 robe of the Bagpipe (worn) {rC+ Regen+ Dex+3}
   (You found it on level 5 of the Realm of Zot)

   Dex+3:     It affects your dexterity (+3).
   rC+:       It protects you from cold.
   Regen+:    It increases your rate of health regeneration.
 K - the +0 ring mail of the Raven {+Inv rPois rC+++ Stlth-}
   (You found it on level 1 of the Elven Halls)

   rC+++:     It renders you almost immune to cold.
   rPois:     It protects you from poison +Inv: It lets you turn invisible.
   Stlth-:    It makes you less stealthy.
 P - a +5 kite shield (worn)
   (You took it off a gnoll sergeant on level 9 of the Dungeon)
 U - a +2 cloak
   (You took it off a draconian shifter on level 5 of the Realm of Zot)
 W - the +0 leather armour of Gestures {rPois rF+ Str+3 Int+2}
   (You found it in a Gauntlet)

   Str+3:     It affects your strength (+3).
   Int+2:     It affects your intelligence (+2).
   rF+:       It protects you from fire.
   rPois:     It protects you from poison
Jewellery
 D - the amulet of the Four Winds {rN+ Will+++ Clar}
   (You found it on level 5 of the Pits of Slime)

   [amulet of nothing]

   rN+:       It protects you from negative energy.
   Will+++:   It greatly increases your willpower.
   Clar:      It protects you from confusion, rage, mesmerisation and fear.
 R - the ring of the Cockatrice (right hand) {Ice rElec rPois Str-3 Slay+3}
   (You took it off a deep elf elementalist on level 3 of the Elven Halls)

   [ring of ice]

   Ice:       It enhances your ice magic.
   Str-3:     It affects your strength (-3).
   Slay+3:    It affects your accuracy & damage with ranged weapons and melee
   (+3).
   rF-:       It makes you vulnerable to fire.
   rC+:       It protects you from cold.
   rElec:     It insulates you from electricity.
   rPois:     It protects you from poison
 T - the ring of Setsoyri {Contam *Corrode Will+ Str+2 Dex+8}
   (You found it on level 3 of the Vaults)

   [ring of willpower]

   Str+2:     It affects your strength (+2).
   Dex+8:     It affects your dexterity (+8).
   Will+:     It increases your willpower.
   Contam:    It causes magical contamination when unequipped.
   *Corrode:  It may corrode you when you take damage.
 V - the ring "Wurizil" {Will+ rCorr SInv}
   (You took it off a minotaur in a Gauntlet)

   [ring of willpower]

   Will+:     It increases your willpower.
   SInv:      It lets you see invisible.
   rCorr:     It protects you from acid and corrosion.
 X - the amulet of Otwim (around neck) {Regen+ Int+7}
   (You found it on level 3 of the Crypt)

   [amulet of regeneration]

   Int+7:     It affects your intelligence (+7).
   Regen+:    It increases your rate of health regeneration.
 Y - the ring "Vivuxopt" (left hand) {Wiz rF+}
   (You took it off a deep elf elementalist on level 3 of the Elven Halls)

   [ring of wizardry]

   Wiz:       It improves your spell success rate.
   rF+:       It protects you from fire.
Wands
 d - a wand of iceblast (45)
   (You found it on level 1 of the Lair of Beasts)
 l - a wand of digging (26)
   (You found it on level 3 of the Dungeon)
 p - a wand of quicksilver (10)
   (You found it on level 4 of the Dungeon)
 t - a wand of paralysis (79)
   (You found it on level 4 of the Dungeon)
 x - a wand of polymorph (20)
   (You found it on level 4 of the Dungeon)
 G - a wand of flame (83)
   (You found it on level 7 of the Dungeon)
 S - a wand of mindburst (9)
   (You found it on level 4 of the Spider Nest)
Scrolls
 c - 5 scrolls of blinking {!r!d}
 i - 16 scrolls of vulnerability {!r!r}
 j - 23 scrolls of teleportation {!r!d, @r3}
 m - 10 scrolls of fear
 w - 6 scrolls of revelation
 y - 7 scrolls of silence
 A - 6 scrolls of torment {!r!r}
 E - 6 scrolls of poison
 J - 9 scrolls of fog
 N - 11 scrolls of immolation {!r}
Potions
 b - 6 potions of enlightenment
 e - 32 potions of curing {@q1, !d}
 h - a potion of resistance
 k - 12 potions of attraction {!q}
 n - 10 potions of lignification {!q}
 q - 6 potions of brilliance
 r - 3 potions of berserk rage {!q}
 s - 5 potions of heal wounds {@q2, !d}
 C - 11 potions of ambrosia
 I - 11 potions of mutation {!q}
 M - 4 potions of cancellation
 O - 15 potions of haste
 Q - 6 potions of invisibility
 Z - 7 potions of might
Miscellaneous
 v - a phantom mirror
   (You found it on level 4 of the Shoals)
 z - a phial of floods
   (You found it on level 13 of the Dungeon)
 H - a lightning rod (4/4)
   (You found it on level 1 of the Shoals)


   Skills:
 - Level 22.2 Fighting
 - Level 17.0 Long Blades
 - Level 7.4 Armour
 - Level 19.0 Dodging
 - Level 1.5 Stealth
 - Level 16.6 Shields
 + Level 24.0 Spellcasting
 + Level 24.0 Conjurations
 + Level 24.0 Hexes
   Level 0.0 Charms
 + Level 24.0 Summonings
 + Level 24.0 Necromancy
 + Level 24.0 Translocations
 + Level 24.0 Transmutations
 + Level 24.0 Fire Magic
 + Level 24.0 Ice Magic
 + Level 24.0 Air Magic
 + Level 24.0 Earth Magic
 + Level 24.0 Poison Magic
 - Level 6.0 Evocations


You knew the following spells:

 Your Spells              Type           Power      Damage    Failure   Level
a - Shock                 Conj/Air       100%       1d9       0%          1
b - Static Discharge      Conj/Air       100%       3-8/arc   0%          2
c - Airstrike             Air            56%        2d(9-25)  0%          4
d - Kiss of Death         Conj/Necr      100%       2d13      0%          1
e - Scorch                Fire           100%       2d9       0%          2
f - Dazzling Flash        Conj/Hex       100%       N/A       0%          3
g - Summon Ice Beast      Ice/Summ       100%       N/A       0%          4
h - Arcjolt               Conj/Air       56%        1d66      0%          5
i - Dispersal             Tloc           56%        N/A       0%          6
j - Summon Hydra          Summ           56%        N/A       1%          7
k - Plasma Beam           Fire/Air       56%        2x1d72    0%          6
l - Ignition              Fire           56%        3d15      1%          8
m - Dragon's Call         Summ           56%        N/A       3%          9
n - Polar Vortex          Ice            69%        12d9*     3%          9
z - Iskenderun's Battles  Conj           100%       2d15      0%          5
R - Borgnjor's Revivific  Necr           56%        N/A       1%          8
S - Swiftness             Air            100%       N/A       0%          3
Your spell library was empty.

Dungeon Overview and Level Annotations

Branches:
Dungeon (15/15)            Temple (1/1) D:5            Lair (5/5) D:9
 Shoals (4/4) Lair:3       Spider (4/4) Lair:3        Slime (5/5) Lair:4
    Orc (2/2) D:9             Elf (3/3) Orc:2        Vaults (5/5) D:13
  Crypt (3/3) Vaults:2       Tomb (0/3) Crypt:3      Depths (4/4) D:15
    Zot (5/5) Depths:4    Gauntlet (visited)

Altars:
Ashenzari
Cheibriados
Dithmenos
Elyvilon
Fedhas
Gozag
Hepliaklqana
Makhleb
Nemelex Xobeh
Okawaru
Qazlal
Ru
Trog
Uskayaw
Wu Jian
Xom
Yredelemnul
Zin
The Shining One
Jiyva

Shops:
D:7 [**   Orc:1 !   Orc:2 ((([((?   Elf:1 [[??   Elf:3 =   Shoals:3 *
Vaults:3 =!   Vaults:5 ??

Portals:
Hell: Depths:1 Depths:2 Depths:3 Depths:4
Abyss: Depths:2 Depths:3
Pandemonium: Depths:2
Ziggurat: Depths:1

Annotations:
D:5 3 runed translucent doors, FakeRyeBread's ghost, novice GrFi; dialectric's ghost, weakling SpDe
D:11 exclusion: downstairs
D:14 exclusion: 2 obsidian statues
Lair:3 Nessos
Lair:4 2 transporters
Shoals:3 exclusion: downstairs
Vaults:3 1 runed translucent door, Joextigh's ghost, veteran KoHu
Depths:3 exclusion: downstairs


Innate Abilities, Weirdness & Mutations

You are immune to sickness and miasma.
You are immune to poison.
Your flesh is almost immune to the effects of heat. (rF+++)
You are vulnerable to cold. (rC-)
You float through the air rather than walking.
You learn spells naturally, not from books.
Your magical power is your life essence.
You have superior vitality. (+4 MHP)
Your body sometimes deteriorates upon taking damage.
You are robust. (+10% HP)


Message History

The Executioner closely misses your +9 spectral double sword.
The Executioner hits your +9 spectral double sword but does no damage.
The Executioner hits your +9 spectral double sword.
Your spectral weapon shares its damage with you!
The Executioner hits your +9 spectral double sword but does no damage.
You take 12 damage, and have 193/220 hp.
You carve the Executioner like a ham!!!
You kill the Executioner!
Your +9 spectral double sword disappears.
You regained 2 hp, and now have 195/220 hp.
You regained 2 hp, and now have 197/220 hp.
You regained 2 hp, and now have 199/220 hp.
You regained 2 hp, and now have 201/220 hp.
You regained 2 hp, and now have 203/220 hp.
You regained 3 hp, and now have 206/220 hp.
Things that are here:
a +2 pair of boots; a +0 hand axe You regained 2 hp, and now have 208/220 hp.
An Orb Guardian comes into view.
You regained 2 hp, and now have 210/220 hp.
You regained 2 hp, and now have 212/220 hp.
The Orb Guardian is distracted by your dazzling golden aura.
You regained 2 hp, and now have 214/220 hp.
You hit the Orb Guardian.
The Orb Guardian is no longer distracted by gold.
Your +9 spectral double sword barely misses the Orb Guardian.
The Orb Guardian misses you.
You regained 2 hp, and now have 216/220 hp.
You slice the Orb Guardian!!
Your +9 spectral double sword hits the Orb Guardian but does no damage.
You block the Orb Guardian's attack.
You regained 2 hp, and now have 218/220 hp.
You slash the Orb Guardian!
Your +9 spectral double sword hits the Orb Guardian!!
The Orb Guardian hits you!!
You take 18 damage, and have 200/220 hp.
You barely miss the Orb Guardian.
Your +9 spectral double sword hits the Orb Guardian!!
You kill the Orb Guardian!
You regained 2 hp, and now have 202/220 hp.
Your +9 spectral double sword disappears.
You regained 2 hp, and now have 204/220 hp.
There is a stone staircase leading up here.
You regained 2 hp, and now have 206/220 hp.
You fly upwards.
Level annotation: 3 runed translucent doors, FakeRyeBread's ghost, novice GrFi; dialectric's ghost, weakling SpDe
There is a stone staircase leading down here.
You regained 5 hp, and now have 211/220 hp.
A sixfirhy comes into view.
There is an escape hatch in the ceiling here.
Health restored: 220 A mysterious force pulls you upwards.
The hatch slams shut behind you.
There is a stone staircase leading up here.
You fly upwards.
There is a stone staircase leading down here.
There is a stone staircase leading up here.
You fly upwards.
A tormentor comes into view.
There is a stone staircase leading down here.
Casting: Plasma Beam (safe; 0% risk of failure)
Press: ? - help, Q - select action, (/) - cycle Dir - look around, f - activate The bolt of lightning hits the tormentor!
The fiery plasma hits the tormentor!
The tormentor resists.
You take 4 damage, and have 216/220 hp.
Casting: Plasma Beam (safe; 0% risk of failure)
Press: ? - help, Q - select action, (/) - cycle Dir - look around, f - activate The bolt of lightning misses the tormentor.
The fiery plasma hits the tormentor!
The tormentor resists.
You take 4 damage, and have 212/220 hp.
Casting: Plasma Beam (safe; 0% risk of failure)
Press: ? - help, Q - select action, (/) - cycle Dir - look around, f - activate The bolt of lightning hits the tormentor!!!
You kill the tormentor!
You take 4 damage, and have 208/220 hp.
A shadow demon comes into view.
Health restored: 220
Casting: Plasma Beam (safe; 0% risk of failure)
Press: ? - help, Q - select action, (/) - cycle Dir - look around, f - activate The bolt of lightning misses the shadow demon.
The fiery plasma hits the shadow demon!!!
You take 4 damage, and have 216/220 hp.
Casting: Plasma Beam (safe; 0% risk of failure)
Press: ? - help, Q - select action, (/) - cycle Dir - look around, f - activate The bolt of lightning hits the shadow demon.
The fiery plasma hits the shadow demon!!!
You kill the shadow demon!
You take 4 damage, and have 212/220 hp.
You regained 2 hp, and now have 214/220 hp.
You regained 3 hp, and now have 217/220 hp.
You regained 2 hp, and now have 219/220 hp.
Health restored: 220
There is a stone staircase leading up here.
You fly upwards.
There is a stone staircase leading down here.
You reach down and open the door.
There is an open door here.
There is a staircase leading out of the dungeon here.
You have escaped!

...'.....# #8# #........#
#..
...###.††#######..#'#####
#.. ...#
###.........##...# #..
...# #####..#.#####.#####
###. ##.# ##.............#
#... #.####
#############.# #...
#....###################.#
#...
####.##(.................#
####
#......##...@...##....#
####....(............##
###################
♣...♣PP..PP.P
.PPPP.♣.P..P..#
..PP.PP.PP.P.P.#
.PP.PP.....PPP.#
PPPP♣..P.P...PP#


There were no monsters in sight!

Vanquished Creatures
  Dissolution (Slime:2)
  the Royal Jelly (Slime:5)
  2 dread liches (Vaults:5)
  Mara (Shoals:4)
  An ancient lich (Crypt:3)
  A Killer Klown (Zot:5)
  Boris (twice) (Vaults:3 Depths:3)
  Parghit (Depths:3)
  Bai Suzhen (Elf:2)
  Saint Roka (Orc:1)
  2 caustic shrikes (Depths:3)
  4 golden dragons (Depths:3 Vaults:5 Zot:1 Zot:3)
  A profane servitor (Abyss:3)
  2 bone dragons (Depths:3 Crypt:3)
  Norris (Vaults:1)
  An electric golem (Zot:1)
  Jorgrun (Spider:1)
  Zenata (Crypt:1)
  An Ice Fiend (Zot:2)
  6 tentacled monstrosities (Vaults:5 Abyss:3 Zot:1 Zot:2)
  A shard shrike skeleton (Crypt:1)
  5 liches (Depths:1 Depths:3 Depths:4 Crypt:3)
  6 Orb Guardians (Zot:5 D:6)
  6 titans (Vaults:4 Depths:3 Vaults:5)
  16 acid blobs (Slime:3 Slime:4 Slime:5)
  A kraken (Abyss:3)
  2 deep elf blademasters (Elf:3)
  A walking frostbound tome (Depths:3)
  2 deep elf master archers (Elf:3)
  4 quicksilver dragons (Depths:3 Vaults:5 Zot:2)
  Polyphemus (Shoals:3)
  3 tentacled starspawn (Abyss:2 Abyss:3)
  5 death cobs (Zot:1 Zot:3 Zot:5)
  7 sphinxes (D:13 Vaults:3 Vaults:4 Vaults:5)
  An Executioner (D:6)
  Frances (Spider:1)
  Agnes (D:15)
  The ghost of Sundig the Peltast, an adept FoFi of Okawaru (Elf:2)
  4 draconian monks (Zot:1 Zot:2)
  Donald (Slime:2)
  7 rockslimes (Slime:5 Slime:4)
  6 fire giants (Depths:4 Depths:3 Vaults:5 Vaults:4)
  4 shadow dragons (Vaults:5 Zot:1 Zot:5)
  3 tengu reavers (Vaults:3 Vaults:4 Vaults:5)
  Ilsuiw (Shoals:3)
  2 revenants (Crypt:1 Crypt:2)
  5 storm dragons (Shoals:4 Vaults:4 Depths:4 Vaults:5 Zot:1)
  4 spectral caustic shrikes (Depths:2)
  3 draconian knights (Zot:1)
  5 azure jellies (Slime:1 Slime:2 Slime:4 Slime:5)
  2 deep elf sorcerers (Elf:1 Elf:3)
  2 iron dragons (Vaults:5)
  A balrug (Depths:1)
  3 emperor scorpions (Spider:4)
  Louise (Shoals:4)
  2 ghost moths (Spider:2 Spider:4)
  9 vault wardens (Vaults:1 Vaults:2 Vaults:3 Vaults:4 Vaults:5)
  8 frost giants (Vaults:4 Depths:2 Depths:3 Vaults:5)
  5 deep elf elementalists (Elf:3)
  A curse skull (Crypt:2)
  2 draconian annihilators (Depths:3 Zot:1)
  6 draconian scorchers (Zot:1 Zot:5)
  9 war gargoyles (Vaults:3 Vaults:4 Crypt:2 Crypt:3)
  4 ghouls (Crypt:2)
  2 draconian shifters (Zot:1 Zot:2)
  3 draconian stormcallers (Zot:1)
  8 broodmothers (Spider:1 Spider:2 Spider:3 Spider:4)
  A cacodemon (D:10)
  A juggernaut zombie (Crypt:3)
  3 orc warlords (Vaults:3 Vaults:4)
  16 quicksilver oozes (Slime:3 Slime:5 Slime:4)
  18 ironbound preservers (Vaults:1 Vaults:2 Vaults:3 Vaults:4 Vaults:5)
  14 formless jellyfish (Vaults:1 Vaults:2 Vaults:3 Slime:2 Slime:3)
  15 very ugly things (Depths:1 Depths:3 Depths:4 Vaults:4)
  6 ironbound thunderhulks (Vaults:1 Vaults:3 Vaults:4 Vaults:5)
  2 spriggan defenders (Depths:2 Depths:3)
  10 deep elf demonologists (Elf:2 Elf:3 Vaults:5)
  5 green draconians (Depths:3 Depths:4 Zot:1 Zot:5)
  3 vampire knights (Crypt:1 Crypt:3)
  14 stone giants (Vaults:1 Vaults:3 Vaults:4 Depths:1 Depths:3)
  2 white draconians (Depths:4 Zot:5)
  9 black draconians (Depths:3 Zot:1 Zot:2 Zot:5)
  2 deep elf annihilators (Elf:2 Elf:3)
  A minotaur (Gauntlet)
  8 red draconians (Vaults:4 Depths:4 Zot:1)
  2 yellow draconians (Depths:4 Zot:5)
  9 spark wasps (Spider:3 Spider:4 Depths:2 Depths:3 Depths:4)
  5 purple draconians (Zot:1 Zot:5)
  3 dire elephants (Vaults:1 Vaults:2)
  5 crystal guardians (Vaults:3 Vaults:4 Crypt:3 Crypt:2)
  11 merfolk impalers (Shoals:3 Shoals:2 Shoals:4)
  12 deep elf death magi (Vaults:4 Elf:2 Elf:3 Crypt:1 Crypt:2)
  4 jiangshi (Crypt:1 Crypt:2)
  An entropy weaver (shapeshifter) (Vaults:5)
  8 deep elf high priests (Vaults:3 Vaults:4 Elf:3 Vaults:5)
  3 fire dragons (Depths:4 Depths:3)
  9 ettins (D:13 Vaults:3 Depths:2 Vaults:5)
  4 merfolk javelineers (Shoals:3 Shoals:4)
  6 entropy weavers (Spider:3 Spider:4 Vaults:1 Vaults:2)
  3 eidola (Crypt:1)
  A shambling mangrove (Abyss:3)
  13 yaktaur captains (Vaults:1 Vaults:2 Vaults:3 Vaults:4 Vaults:5)
  3 peacekeepers (Vaults:3 Vaults:4)
  A fenstrider witch zombie (Crypt:2)
  Erolcha (D:11)
  34 vault guards (Vaults:4 Vaults:5)
  12 ironbound frosthearts (D:13 Vaults:1 Vaults:2 Vaults:3)
  2 rakshasas (D:15 Depths:1)
  5 ice dragons (Depths:2 Depths:3 Depths:4)
  2 catoblepae (Lair:5 Vaults:4)
  6 great orbs of eyes (Vaults:1 Vaults:3 Slime:5)
  A ghost crab (Abyss:3)
  2 ogre magi (Vaults:4 Vaults:5)
  35 centaur warriors (D:13 D:14 Shoals:1 Shoals:3 D:15)
  3 hydras (Lair:2 Lair:3 Lair:5)
  3 merfolk avatars (Shoals:1 Shoals:2 Shoals:4)
  3 jorogumos (Spider:3 Spider:4)
  13 boulder beetles (Lair:1 Lair:5 D:13 Spider:1 Spider:2)
  31 dancing weapons (Elf:1 Elf:2 Elf:3 Crypt:3)
  A spriggan air mage (Depths:4)
  A deep troll shaman (Depths:4)
  An alligator snapping turtle (Shoals:4)
  An Orb Guardian skeleton (Crypt:1)
  3 radroaches (Spider:1 Spider:3)
  4 merfolk aquamancers (Shoals:2 Shoals:4)
  6 death yaks (Lair:5 Shoals:3)
  4 tengu warriors (D:14 Depths:2 Depths:3)
  10 two-headed ogres (D:9 D:15 Vaults:5)
  2 satyrs (Shoals:4)
  3 death knights (Crypt:2)
  5 deep troll earth magi (Vaults:3 Depths:3)
  An azure jelly zombie (Crypt:1)
  3 vampire magi (Crypt:1 Crypt:2)
  10 demonic crawlers (Spider:2 Spider:3 Spider:4)
  21 deep elf knights (Elf:1 Elf:2 Elf:3)
  5 occultists (D:15 Depths:2)
  2 thrashing horrors (Abyss:2 Abyss:3)
  9 hell knights (Depths:2 Crypt:3)
  Urug (Lair:5)
  3 spriggan berserkers (Depths:3 Depths:4)
  An orc high priest (Orc:2)
  6 skysharks (Shoals:1 Vaults:1)
  2 soul eaters (Depths:2 Crypt:1)
  A sixfirhy (Abyss:2)
  A fire crab (Abyss:3)
  An iron troll (Depths:3)
  24 skeletal warriors (D:13 Crypt:1 Crypt:3 Crypt:2)
  A wretched star (Abyss:3)
  Nergalle (Orc:1)
  2 golden dragon zombies (Vaults:5 Crypt:3)
  A sun demon (Zot:5)
  2 flayed ghosts (Crypt:2)
  7 sea snakes (Shoals:1 Shoals:2 Shoals:4)
  9 pharaoh ants (Spider:1 Spider:2 Spider:3 Spider:4)
  A shadow wraith (Vaults:5)
  2 shadow demons (Zot:2 D:2)
  A storm dragon skeleton (Crypt:3)
  A swamp dragon (Vaults:4)
  4 glowing orange brains (Vaults:4 Slime:5 Abyss:3)
  3 sun moths (Spider:2 Spider:3 Spider:4)
  2 bunyip zombies (Crypt:2 Crypt:3)
  10 ironbound convokers (Vaults:1 Vaults:2 Vaults:3 Vaults:5)
  A bog body (Crypt:2)
  3 steelbarb worms (Spider:3 Spider:4)
  2 anaconda skeletons (Crypt:2)
  52 deep trolls (Vaults:1 Vaults:2 Vaults:4 Depths:3 Depths:4)
  24 harpies (Shoals:1 Shoals:2 Shoals:4 Vaults:3 Vaults:5)
  5 arcanists (Vaults:1 Vaults:2 Vaults:4 Elf:1)
  5 lindwurms (Lair:4 D:13 Vaults:1 Vaults:2)
  7 orb spiders (Spider:2 Spider:3 Spider:4)
  7 orc knights (D:9 Orc:2 Vaults:3 Vaults:4)
  28 deep elf pyromancers (D:14 Elf:1 Elf:2 Elf:3)
  6 phantasmal warriors (D:13 Vaults:3 Vaults:5 Crypt:2)
  13 necromancers (D:15 Vaults:3 Depths:2 Vaults:4 Vaults:5)
  9 deep elf archers (Elf:1 Elf:2 Elf:3)
  A spriggan simulacrum (Abyss:3)
  23 deep elf zephyrmancers (Elf:1 Elf:2 Elf:3)
  4 shining eyes (Slime:2 Slime:4 Slime:5)
  18 wolf spiders (Spider:1 Spider:2 Spider:3 Spider:4)
  A tengu skeleton (Vaults:3)
  28 ugly things (D:9 D:13 D:14 D:15 Vaults:1)
  A stone giant zombie (Vaults:5)
  A moth of wrath (shapeshifter) (Vaults:5)
  A shining eye (shapeshifter) (Elf:2)
  3 orc sorcerers (Orc:2 D:15)
  A shadow dragon skeleton (Abyss:2)
  9 cyclopes (D:9 D:11 D:12 D:14 D:15)
  11 manticores (Orc:2 Shoals:1 Shoals:4 D:14 D:15)
  19 fauns (Shoals:1 Shoals:2 Shoals:4)
  11 elephants (Lair:2 Lair:3 Lair:4 Lair:5)
  An iron dragon zombie (Crypt:3)
  A frost giant zombie (Crypt:1)
  An elephant (shapeshifter) (D:14)
  9 nameless horrors (Spider:4 Shoals:3 Shoals:4 D:15 D:13)
  A salamander (shapeshifter) (Elf:3)
  An apocalypse crab (Abyss:3)
  A cyclops (shapeshifter) (Vaults:2)
  15 moths of wrath (Spider:1 Spider:4 Zot:1 Zot:2 Zot:3)
  A water nymph (shapeshifter) (Vaults:5)
  4 black mambas (Lair:1 Lair:5)
  9 water nymphs (Shoals:1 Shoals:2 Shoals:3 Shoals:4)
  3 eyes of devastation (Slime:3 Slime:5)
  A black mamba (shapeshifter) (D:13)
  8 merfolk sirens (Shoals:1 Shoals:2 Shoals:4)
  13 vault sentinels (Vaults:1 Vaults:2 Vaults:3 Vaults:4 Vaults:5)
  A shock serpent zombie (Crypt:2)
  3 smoke demons (Depths:1 Abyss:2)
  3 torpor snails (Spider:3 Spider:4)
  A guardian serpent (shapeshifter) (Vaults:5)
  A human zombie (Vaults:4)
  6 orange demons (Orc:2 Abyss:3)
  A gargoyle (D:14)
  A dire elephant skeleton (Crypt:3)
  15 cane toads (Lair:1 Lair:2 Lair:3 Lair:4 Lair:5)
  Jeremiah (D:8)
  Maggie (D:8)
  2 unseen horrors (shapeshifter) (Depths:2)
  6 freezing wraiths (Vaults:3 Vaults:4 Vaults:5 Crypt:1 Crypt:2)
  3 kobold demonologists (D:9 D:12 Elf:1)
  A yaktaur zombie (Vaults:3)
  An efreet (Zot:1)
  A redback zombie (D:15)
  4 centaur skeletons (D:15 Crypt:1 Crypt:3)
  3 komodo dragons (Lair:3 Lair:5)
  2 rime drakes (Lair:3 Lair:5)
  An ice devil (Abyss:2)
  A tormentor (D:2)
  A polar bear (Lair:5)
  28 yaktaurs (D:15 Vaults:1 Vaults:2 Vaults:3 Vaults:4)
  2 harpy zombies (Crypt:3)
  8 trolls (D:9 D:10 D:12 Orc:2 D:13)
  28 merfolk (Shoals:1 Shoals:2 Shoals:3 Shoals:4)
  6 meliai (D:13 D:14 D:15)
  A minotaur skeleton (Crypt:1)
  3 ancient zymes (Abyss:2 Abyss:3)
  A queen bee (Lair:2)
  A hellwing (Zot:1)
  6 hornets (Depths:2 Depths:4 Abyss:3)
  4 raiju (Abyss:1 Abyss:2)
  Prince Ribbit (D:8)
  2 trolls (shapeshifter) (Depths:2 Depths:3)
  8 glass eyes (Vaults:4 Depths:3 Slime:3 Slime:4 Slime:5)
  A harpy skeleton (Crypt:2)
  24 tarantellas (Spider:1 Spider:2 Spider:3 Spider:4)
  6 snapping turtles (Shoals:1 Shoals:2 Shoals:4)
  An ettin zombie (Abyss:3)
  A hydra skeleton (Crypt:1)
  2 dream sheep (Lair:4)
  7 wind drakes (Shoals:2 Shoals:4)
  A human skeleton (Vaults:5)
  81 slime creatures (D:12 D:11 D:14 Vaults:1 Vaults:3)
  A fire dragon zombie (Crypt:1)
  18 blink frogs (Lair:1 Lair:2 Lair:5 Abyss:3)
  4 large abominations (Abyss:3)
  A fire giant simulacrum (Vaults:5)
  A black mamba zombie (Crypt:3)
  40 flying skulls (Crypt:2 Crypt:3)
  39 water elementals (Shoals:1 Shoals:2 Shoals:4 D:15 Elf:2)
  33 jumping spiders (Spider:1 Spider:2 Spider:3 Spider:4 Vaults:2)
  An ettin skeleton (Crypt:2)
  14 air elementals (Shoals:4 Elf:2 Elf:3)
  19 culicivoras (Spider:1 Spider:2 Spider:3 Spider:4)
  3 shadows (D:11 D:12)
  14 wraiths (D:10 D:11 D:12 D:13 Crypt:1)
  A wyvern (shapeshifter) (Depths:2)
  2 culicivoras (shapeshifter) (Vaults:4 Vaults:5)
  3 spriggans (Depths:2 Depths:4)
  3 centaur simulacra (Gauntlet D:14)
  14 fire elementals (Elf:3 Zot:1)
  35 yaks (D:11 Lair:1 D:9 Lair:2 Lair:3)
  6 wyverns (D:8 D:9 Lair:2 Lair:3)
  3 ynoxinuls (Abyss:2 Abyss:3)
  An elf zombie (Vaults:3)
  3 basilisks (Lair:3 Lair:5 D:15)
  A black mamba skeleton (Crypt:3)
  A deep troll skeleton (Vaults:3)
  7 golden eyes (Slime:3 Slime:5)
  42 redbacks (Lair:3 Spider:1 Spider:2 Spider:3 Spider:4)
  6 steam dragons (D:8 Lair:2 Lair:3)
  9 vampire mosquitoes (D:12 D:14)
  A harpy simulacrum (Crypt:2)
  A naga zombie (Crypt:1)
  A warg (shapeshifter) (D:14)
  10 wargs (D:9 Orc:2 Orc:1)
  A glowing shapeshifter zombie (Crypt:1)
  An ogre zombie (Vaults:4)
  3 acid dragons (D:9 D:11)
  11 water moccasins (D:3 D:8 Lair:1 Lair:2 Lair:3)
  A hell hound (D:9)
  A fire bat skeleton (Crypt:2)
  A meliai simulacrum (Gauntlet)
  3 ice beasts (D:6 D:7)
  A sky beast (shapeshifter) (Depths:2)
  40 orc warriors (D:9 Orc:1 Orc:2)
  A sky beast (D:7)
  4 black bears (D:5 Lair:2 Lair:5)
  12 wolves (Lair:2 Gauntlet Lair:5)
  A boggart (Elf:1)
  11 centaurs (D:5 D:7 D:8 D:9 D:13)
  6 ogres (Orc:1 Orc:2 Vaults:5)
  A centaur (shapeshifter) (Elf:2)
  2 ogres (shapeshifter) (Vaults:4 Depths:3)
  5 kobold brigands (D:9)
  12 bullfrogs (D:6 D:8 D:9 Lair:2 Lair:3)
  12 scorpions (D:2 D:5 D:6 D:7 Orc:2)
  8 necrophages (Lair:4 Lair:3 Crypt:2 Crypt:3)
  A cane toad simulacrum (Gauntlet)
  6 gnoll sergeants (D:7 D:8 D:9)
  7 small abominations (Abyss:2 Abyss:3)
  A wyvern skeleton (Crypt:1)
  7 wights (D:6 D:10)
  28 killer bees (D:9 Lair:2)
  8 electric eels (D:6 Lair:3 Orc:1 D:13 Spider:3)
  7 howler monkeys (D:9 D:10 D:11)
  2 human simulacra (Vaults:4)
  A hound (D:5)
  21 orc priests (D:9 D:10 Orc:1 Orc:2 D:13)
  6 gnoll boudas (D:6 D:9)
  3 starcursed masses (Abyss:2)
  2 jellies (D:6 D:7)
  2 iguanas (D:6 D:7)
  A basilisk skeleton (Crypt:2)
  Jessica (D:3)
  2 hell rats (Lair:3)
  25 orc wizards (D:4 D:6 D:9 Orc:1 Orc:2)
  A boggart skeleton (D:15)
  3 naga skeletons (Crypt:2 Crypt:3)
  A hound skeleton (Crypt:1)
  Robin (D:2)
  3 adders (D:4 D:5)
  12 gnolls (D:5 D:6 D:7 D:8)
  7 river rats (Lair:2 Lair:3)
  2 shadow imps (D:5 D:6)
  A white imp (D:5)
  2 ufetubi (Abyss:3)
  4 worms (D:2 D:3)
  10 dart slugs (D:1 D:2 D:6)
  80 orcs (D:4 D:5 D:6 D:8 D:9)
  9 endoplasms (D:1 D:2 D:4)
  2 giant cockroaches (D:1 D:3)
  13 goblins (D:1 D:2 D:3 D:4)
  A hobgoblin (shapeshifter) (Elf:1)
  8 hobgoblins (D:1 D:2 D:4)
  4 quokkas (D:1 D:3 D:5)
  5 ball pythons (D:1 D:2 D:4)
  4 bats (D:1 D:3)
  2 frilled lizards (D:1 D:3)
  A jackal skeleton (Crypt:2)
  5 kobolds (D:2 D:3 D:4)
  4 rats (D:1 D:3 Lair:3)
  A rat zombie (Crypt:1)
  4 spectral weapons (Zot:1)
  3 starspawn tentacles (Abyss:2 Abyss:3)
  4 tentacles (Abyss:3)
2224 creatures vanquished.

Vanquished Creatures (collateral kills)
  A dread lich (Zot:5)
  2 ancient liches (Zot:5)
  2 orbs of fire (Zot:5)
  A curse toe (Zot:1)
  A caustic shrike (Depths:3)
  2 golden dragons (Vaults:4 Depths:3)
  An electric golem (Zot:5)
  A pandemonium lord (Zot:5)
  2 tentacled monstrosities (Vaults:4 Vaults:5)
  An Ice Fiend (Zot:5)
  16 Orb Guardians (Zot:5)
  A deep elf blademaster (Elf:2)
  A death cob (Zot:1)
  2 storm dragons (Zot:1 Zot:5)
  3 rockslimes (Slime:4 Slime:5)
  A nagaraja (Vaults:4)
  An orc warlord (Vaults:2)
  A curse skull (Crypt:1)
  A vault warden (Vaults:3)
  A draconian shifter (Zot:5)
  2 ironbound preservers (Vaults:4)
  A broodmother (Spider:4)
  2 ironbound thunderhulks (Vaults:1 Vaults:4)
  A very ugly thing (Vaults:4)
  A green draconian (Zot:5)
  A spark wasp (Spider:4)
  3 white draconians (Depths:3 Zot:1)
  A deep elf annihilator (Elf:2)
  A dire elephant (Vaults:2)
  A black draconian (Zot:5)
  4 yellow draconians (Depths:3 Zot:1 Zot:5)
  2 purple draconians (Depths:3 Zot:5)
  3 red draconians (Zot:1 Zot:5)
  An ettin (Vaults:4)
  A merfolk impaler (Lair:3)
  An eidolon (Crypt:1)
  An ettin (shapeshifter) (Vaults:4)
  A fire dragon (Depths:1)
  2 hydras (Lair:3 Lair:5)
  A vault guard (Vaults:4)
  An alligator snapping turtle (Shoals:4)
  A jorogumo (Spider:4)
  An ogre mage (D:15)
  A centaur warrior (D:15)
  A catoblepas (Shoals:3)
  A death knight (D:13)
  4 dancing weapons (Elf:1 Elf:2)
  A deep troll shaman (Lair:5)
  A tengu warrior (D:15)
  2 two-headed ogres (D:15)
  A death yak (Shoals:3)
  4 demonic crawlers (Spider:3 Spider:4)
  A vampire mage (Crypt:1)
  3 hell knights (Depths:2 Crypt:3)
  3 deep elf knights (Elf:2 Elf:3)
  A skyshark (Lair:3)
  A golden dragon zombie (Crypt:3)
  A pharaoh ant (Spider:4)
  A skeletal warrior (Crypt:3)
  5 deep trolls (Vaults:4 Depths:3)
  A steelbarb worm (Spider:4)
  2 lindwurms (Vaults:2)
  An orc knight (Vaults:4)
  2 deep elf archers (Elf:2 Elf:3)
  2 deep elf zephyrmancers (Elf:3)
  A wolf spider (Spider:4)
  3 ugly things (Vaults:4 Depths:3)
  5 deep elf pyromancers (Elf:2 Elf:3)
  A cyclops (Shoals:4)
  2 moths of wrath (Zot:1)
  A faun (Shoals:4)
  3 elephants (Lair:2 Lair:5)
  A vault sentinel (Vaults:4)
  A merfolk siren (Shoals:3)
  A water nymph (Shoals:3)
  An orange demon (Depths:2)
  A cane toad (Lair:1)
  A meliai (shapeshifter) (Vaults:4)
  2 merfolk (Shoals:3)
  A meliai (D:15)
  A snapping turtle (Shoals:3)
  A wind drake (Shoals:3)
  A blink frog (Lair:1)
  3 dream sheep (Lair:4)
  6 slime creatures (D:14 Vaults:3 Slime:5)
  A culicivora (Spider:3)
  A jumping spider (Spider:4)
  3 water elementals (D:15 Elf:3)
  5 yaks (D:11 D:9 Lair:2)
  A ynoxinul (Zot:5)
  7 fire elementals (Zot:1)
  2 basilisks (Lair:1 Lair:3)
  2 redbacks (Spider:1 Spider:3)
  2 wargs (D:9)
  A water moccasin (Lair:1)
  3 wolves (Lair:2 Lair:1 Gauntlet)
  2 ogres (Orc:1 D:15)
  A small abomination (Zot:5)
  An earth elemental (Elf:1)
  A killer bee (Lair:2)
  2 orc priests (D:10)
  An orc wizard (D:9)
  2 river rats (Lair:3)
  2 orcs (Orc:2)
193 creatures vanquished.

Vanquished Creatures (others)
  An ancient lich (Zot:5)
  A dread lich (Zot:5)
  An orb of fire (Zot:5)
  A Killer Klown (Zot:5)
  A curse toe (Zot:5)
  A tentacled monstrosity (Zot:5)
  3 Orb Guardians (Zot:5)
  A white draconian (Zot:5)
  2 moths of wrath (Zot:1 Zot:5)
  A fire elemental (Zot:1)
  A human (Depths:2)
  An orc wizard (D:9)
  37 spectral weapons (Orc:1 Spider:2 Spider:3 Spider:4 Shoals:2)
  3 starspawn tentacles (Abyss:2 Abyss:3)
55 creatures vanquished.

Grand Total: 2472 creatures vanquished

Notes
Turn   | Place    | Note
-------+----------+-------------------------------------------
     0 | D:1      | Reached skill level 3 in Spellcasting
     0 | D:1      | Reached skill level 3 in Conjurations
     0 | D:1      | Reached skill level 3 in Hexes
     0 | D:1      | Reached skill level 3 in Summonings
     0 | D:1      | Reached skill level 3 in Necromancy
     0 | D:1      | Reached skill level 3 in Translocations
     0 | D:1      | Reached skill level 3 in Transmutations
     0 | D:1      | Reached skill level 3 in Fire Magic
     0 | D:1      | Reached skill level 3 in Ice Magic
     0 | D:1      | Reached skill level 3 in Air Magic
     0 | D:1      | Reached skill level 3 in Earth Magic
     0 | D:1      | Reached skill level 3 in Poison Magic
     0 | D:1      | Runia the Djinni Air Elementalist began the quest for the
                  | Orb.
     0 | D:1      | Runia set off with the following spells memorised: Shock,
                  | Static Discharge, Swiftness, Airstrike.
     0 | D:1      | Reached XP level 1. HP: 15/15 MP: 0/0
   127 | D:1      | Reached XP level 2. HP: 20/21 MP: 0/0
   581 | D:2      | Identified the +3 helmet of the Manifold Souls {Slay+3}
   581 | D:2      | Noticed Robin
   652 | D:2      | Reached XP level 3. HP: 24/25 MP: 0/0
   652 | D:2      | Learned a level 1 spell: Kiss of Death
   764 | D:2      | Found a faded altar of an unknown god.
  1075 | D:2      | Noticed a scorpion
  1095 | D:2      | HP: 10/25 [Robin/+0 spear (8)]
  1096 | D:2      | Killed Robin
  1099 | D:2      | Killed a scorpion
  1100 | D:2      | Reached skill level 4 in Spellcasting
  1100 | D:2      | Reached skill level 4 in Conjurations
  1100 | D:2      | Reached skill level 4 in Hexes
  1100 | D:2      | Reached skill level 4 in Summonings
  1100 | D:2      | Reached skill level 4 in Necromancy
  1100 | D:2      | Reached skill level 4 in Translocations
  1100 | D:2      | Reached skill level 4 in Transmutations
  1100 | D:2      | Reached skill level 4 in Fire Magic
  1100 | D:2      | Reached skill level 4 in Ice Magic
  1100 | D:2      | Reached skill level 4 in Air Magic
  1100 | D:2      | Reached skill level 4 in Earth Magic
  1100 | D:2      | Reached skill level 4 in Poison Magic
  1100 | D:2      | Reached XP level 4. HP: 6/31 MP: 0/0
  1100 | D:2      | Reached XP level 5. HP: 7/35 MP: 0/0
  1100 | D:2      | Learned a level 2 spell: Scorch
  1738 | D:3      | Noticed Jessica
  1740 | D:3      | Killed Jessica
  2016 | D:3      | Noticed a water moccasin
  2024 | D:3      | Killed a water moccasin
  2025 | D:3      | Reached skill level 5 in Spellcasting
  2025 | D:3      | Reached skill level 5 in Conjurations
  2025 | D:3      | Reached skill level 5 in Hexes
  2025 | D:3      | Reached skill level 5 in Summonings
  2025 | D:3      | Reached skill level 5 in Necromancy
  2025 | D:3      | Reached skill level 5 in Translocations
  2025 | D:3      | Reached skill level 5 in Transmutations
  2025 | D:3      | Reached skill level 5 in Fire Magic
  2025 | D:3      | Reached skill level 5 in Ice Magic
  2025 | D:3      | Reached skill level 5 in Air Magic
  2025 | D:3      | Reached skill level 5 in Earth Magic
  2025 | D:3      | Reached skill level 5 in Poison Magic
  2025 | D:3      | Reached XP level 6. HP: 30/40 MP: 0/0
  2961 | D:4      | Found a sacrificial altar of Ru.
  3330 | D:5      | Entered Level 5 of the Dungeon
  3337 | D:5      | Reached XP level 7. HP: 33/45 MP: 0/0
  3337 | D:5      | Learned a level 3 spell: Dazzling Flash
  3340 | D:5      | Reached skill level 6 in Spellcasting
  3340 | D:5      | Reached skill level 6 in Conjurations
  3340 | D:5      | Reached skill level 6 in Hexes
  3340 | D:5      | Reached skill level 6 in Summonings
  3340 | D:5      | Reached skill level 6 in Necromancy
  3340 | D:5      | Reached skill level 6 in Translocations
  3340 | D:5      | Reached skill level 6 in Transmutations
  3340 | D:5      | Reached skill level 6 in Fire Magic
  3340 | D:5      | Reached skill level 6 in Ice Magic
  3340 | D:5      | Reached skill level 6 in Air Magic
  3340 | D:5      | Reached skill level 6 in Earth Magic
  3340 | D:5      | Reached skill level 6 in Poison Magic
  3344 | D:5      | HP: 20/45 [centaur/arrow (9)]
  3345 | D:5      | HP: 2/45 [centaur/arrow (12)]
  4010 | D:5      | Found an opulent altar of Gozag.
  4059 | D:5      | Found a runed translucent gate.
  4060 | D:5      | Found a runed translucent gate.
  4060 | D:5      | Found a runed translucent gate.
  4061 | D:5      | Noticed dialectric's ghost (weakling SpDe)
  4061 | D:5      | Noticed FakeRyeBread's ghost (novice GrFi)
  4130 | D:5      | Found a staircase to the Ecumenical Temple.
  4154 | D:5      | Found a white marble altar of Elyvilon.
  4193 | Temple   | Entered the Ecumenical Temple
  4274 | D:5      | Reached XP level 8. HP: 39/50 MP: 0/0
  4357 | D:5      | Reached skill level 7 in Spellcasting
  4357 | D:5      | Reached skill level 7 in Conjurations
  4357 | D:5      | Reached skill level 7 in Hexes
  4357 | D:5      | Reached skill level 7 in Summonings
  4357 | D:5      | Reached skill level 7 in Necromancy
  4357 | D:5      | Reached skill level 7 in Translocations
  4357 | D:5      | Reached skill level 7 in Transmutations
  4357 | D:5      | Reached skill level 7 in Fire Magic
  4357 | D:5      | Reached skill level 7 in Ice Magic
  4357 | D:5      | Reached skill level 7 in Air Magic
  4357 | D:5      | Reached skill level 7 in Earth Magic
  4357 | D:5      | Reached skill level 7 in Poison Magic
  5186 | D:5      | Reached skill level 1 in Fighting
  5186 | D:5      | Reached skill level 8 in Spellcasting
  5186 | D:5      | Reached skill level 8 in Conjurations
  5186 | D:5      | Reached skill level 8 in Hexes
  5186 | D:5      | Reached skill level 8 in Summonings
  5186 | D:5      | Reached skill level 8 in Necromancy
  5186 | D:5      | Reached skill level 8 in Translocations
  5186 | D:5      | Reached skill level 8 in Transmutations
  5186 | D:5      | Reached skill level 8 in Fire Magic
  5186 | D:5      | Reached skill level 8 in Ice Magic
  5186 | D:5      | Reached skill level 8 in Air Magic
  5186 | D:5      | Reached skill level 8 in Earth Magic
  5186 | D:5      | Reached skill level 8 in Poison Magic
  5202 | D:6      | HP: 23/52 [electric eel/bolt of electricity (6)]
  5203 | D:6      | Reached skill level 2 in Fighting
  5496 | D:6      | HP: 26/54 [dart slug/slug dart (3)]
  5722 | D:6      | Reached skill level 3 in Fighting
  5722 | D:6      | Reached XP level 9. HP: 19/60 MP: 0/0
  5722 | D:6      | Learned a level 4 spell: Summon Ice Beast
  6213 | D:6      | Reached skill level 4 in Fighting
  6416 | D:6      | Reached skill level 5 in Fighting
  6722 | D:7      | Reached skill level 6 in Fighting
  7075 | D:7      | Found a stormy altar of Qazlal.
  7078 | D:7      | Reached skill level 7 in Fighting
  7105 | D:7      | Found a burning altar of Makhleb.
  7262 | D:7      | Found a broken altar of Ashenzari.
  7337 | D:7      | Found an iron altar of Okawaru.
  7378 | D:7      | Found Powk's General Store.
  7380 | D:7      | Found Gaiss's Specific Store.
  7387 | D:7      | Found Areuroll's Armour Emporium.
  7500 | D:7      | Found a hazy altar of Hepliaklqana.
  7681 | D:5      | Became a worshipper of Gozag Ym Sagoz the Greedy
  7815 | D:7      | Bought a scroll of teleportation for 39 gold pieces
  8061 | D:8      | Noticed Maggie
  8066 | D:8      | Killed Maggie
  8067 | D:8      | Reached skill level 2 in Shields
  8144 | D:8      | Reached XP level 10. HP: 68/76 MP: 0/0
  8183 | D:8      | Reached skill level 8 in Fighting
  8183 | D:8      | Reached skill level 3 in Shields
  8295 | D:8      | Noticed Prince Ribbit
  8302 | D:8      | Killed Prince Ribbit
  8303 | D:8      | Reached skill level 4 in Shields
  8371 | D:8      | Found a bloodstained altar of Trog.
  8485 | D:8      | Noticed Jeremiah
  8514 | D:8      | Killed Jeremiah
  8889 | D:8      | Reached skill level 9 in Fighting
  9115 | D:9      | Reached skill level 5 in Shields
  9199 | D:9      | Found a staircase to the Lair.
  9356 | D:9      | Noticed a two-headed ogre
  9364 | D:9      | Killed a two-headed ogre
  9365 | D:9      | Reached skill level 6 in Shields
  9595 | D:9      | Noticed a two-headed ogre
  9599 | D:9      | Killed a two-headed ogre
  9600 | D:9      | Reached skill level 10 in Fighting
  9600 | D:9      | Reached XP level 11. HP: 69/85 MP: 0/0
  9600 | D:9      | Learned a level 5 spell: Iskenderun's Battlesphere
  9701 | D:9      | Noticed an orc knight
  9725 | D:9      | Reached skill level 7 in Shields
 10004 | D:9      | Killed an orc knight
 10005 | D:9      | Reached skill level 11 in Fighting
 10005 | D:9      | Reached skill level 8 in Shields
 10265 | D:9      | Noticed a cyclops
 10283 | D:9      | Killed a cyclops
 10450 | D:9      | Noticed a two-headed ogre
 10455 | D:9      | Killed a two-headed ogre
 11353 | D:9      | Reached skill level 9 in Shields
 11360 | D:9      | Reached skill level 9 in Spellcasting
 11360 | D:9      | Reached skill level 9 in Conjurations
 11360 | D:9      | Reached skill level 9 in Hexes
 11360 | D:9      | Reached skill level 9 in Summonings
 11360 | D:9      | Reached skill level 9 in Necromancy
 11360 | D:9      | Reached skill level 9 in Translocations
 11360 | D:9      | Reached skill level 9 in Transmutations
 11360 | D:9      | Reached skill level 9 in Fire Magic
 11360 | D:9      | Reached skill level 9 in Ice Magic
 11360 | D:9      | Reached skill level 9 in Air Magic
 11360 | D:9      | Reached skill level 9 in Earth Magic
 11360 | D:9      | Reached skill level 9 in Poison Magic
 11687 | D:9      | Found a staircase to the Orcish Mines.
 11750 | D:9      | Noticed a green ugly thing
 11754 | D:9      | Killed a green ugly thing
 11755 | D:9      | Reached XP level 12. HP: 77/94 MP: 0/0
 12440 | D:10     | Entered Level 10 of the Dungeon
 13040 | D:10     | Found a burning altar of Makhleb.
 14996 | D:11     | You are sucked into a shaft and drop 1 floor!
 15164 | D:12     | Identified the ring of Accord {Ice Dex+2}
 15179 | D:11     | Found a blossoming altar of Fedhas.
 15253 | D:11     | Reached skill level 10 in Spellcasting
 15253 | D:11     | Reached skill level 10 in Conjurations
 15253 | D:11     | Reached skill level 10 in Hexes
 15253 | D:11     | Reached skill level 10 in Summonings
 15253 | D:11     | Reached skill level 10 in Necromancy
 15253 | D:11     | Reached skill level 10 in Translocations
 15253 | D:11     | Reached skill level 10 in Transmutations
 15253 | D:11     | Reached skill level 10 in Fire Magic
 15253 | D:11     | Reached skill level 10 in Ice Magic
 15253 | D:11     | Reached skill level 10 in Air Magic
 15253 | D:11     | Reached skill level 10 in Earth Magic
 15253 | D:11     | Reached skill level 10 in Poison Magic
 15493 | D:11     | Reached skill level 10 in Shields
 15952 | D:12     | Noticed Erolcha
 16040 | Lair:1   | Entered Level 1 of the Lair of Beasts
 16050 | D:9      | Identified a scroll of acquirement
 16051 | D:9      | Acquired 1284 gold pieces
 16456 | D:9      | Reached skill level 1 in Long Blades
 16743 | Lair:1   | Reached skill level 2 in Long Blades
 16867 | Lair:1   | Found a shimmering altar of Xom.
 16940 | Lair:1   | Reached skill level 3 in Long Blades
 17383 | Lair:1   | Reached skill level 4 in Long Blades
 17548 | Lair:1   | Noticed a boulder beetle
 17568 | Lair:1   | Killed a boulder beetle
 17569 | Lair:1   | Reached XP level 13. HP: 57/99 MP: 0/0
 17569 | Lair:1   | Learned a level 5 spell: Arcjolt
 17953 | Lair:1   | Reached skill level 5 in Long Blades
 18142 | Lair:2   | Reached skill level 11 in Shields
 18446 | Lair:1   | Reached skill level 6 in Long Blades
 18615 | Lair:2   | Noticed a five-headed hydra
 18713 | Lair:2   | HP: 41/99 [elephant (5)]
 18944 | Lair:2   | Killed a five-headed hydra
 19188 | Lair:2   | Reached skill level 7 in Long Blades
 19356 | Lair:2   | HP: 39/99 [wolf (6)]
 19368 | Lair:2   | HP: 29/99 [wolf (4)]
 19376 | Lair:2   | HP: 28/99 [wolf (3)]
 19381 | Lair:2   | HP: 28/99 [wolf (1)]
 20200 | Lair:2   | Reached skill level 8 in Long Blades
 20819 | Lair:2   | HP: 47/99 [elephant (9)]
 20825 | Lair:2   | HP: 34/99 [elephant (3)]
 20950 | Lair:2   | Reached skill level 12 in Shields
 21457 | Gauntlet | Identified the "Gocry"
 21531 | Lair:3   | Noticed a four-headed hydra
 21534 | Lair:3   | Killed a four-headed hydra
 21575 | Lair:3   | Found a gate leading to a gauntlet.
 21581 | Gauntlet | Entered a Gauntlet
 21581 | Gauntlet | Found a transporter.
 21692 | Gauntlet | Found a transporter.
 21695 | Gauntlet | Found a transporter.
 21706 | Gauntlet | Found a transporter.
 21709 | Gauntlet | Found a transporter.
 21714 | Gauntlet | Noticed a blizzard demon
 21717 | Gauntlet | Found a transporter.
 21743 | Gauntlet | Found a transporter.
 21754 | Gauntlet | Found a transporter.
 21760 | Gauntlet | Found a transporter.
 21764 | Gauntlet | Found a transporter.
 21768 | Gauntlet | Found a runed translucent gate.
 21786 | Gauntlet | Noticed a cacodemon
 21802 | Gauntlet | Found a transporter.
 21806 | Gauntlet | Found a transporter.
 21808 | Gauntlet | Found a transporter.
 21846 | Gauntlet | Found a runed translucent gate.
 21847 | Gauntlet | Found a runed translucent gate.
 21847 | Gauntlet | Found a transporter.
 22167 | Gauntlet | Reached skill level 9 in Long Blades
 22351 | Gauntlet | Gained mutation: You are frail. (-10% HP) [a neqoxec]
 22352 | Gauntlet | Identified the +0 hat of Wenoesok {rF++ Str+3}
 22367 | Gauntlet | Identified the +6 war axe of Terror {heavy, rF- rC++ rN+}
 22367 | Gauntlet | Identified the ring "Wurizil" {Will+ rCorr SInv}
 22367 | Gauntlet | Noticed a minotaur
 22386 | Gauntlet | HP: 34/89 [minotaur/silver javelin (18)]
 22391 | Gauntlet | HP: 18/89 [minotaur/silver javelin (7)]
 22396 | Gauntlet | Killed a minotaur
 22668 | Gauntlet | Identified the +0 leather armour of Gestures {rPois rF+
                  | Str+3 Int+2}
 22697 | Gauntlet | Identified the +1 glaive of Shrieking Terror {heavy, rPois
                  | Will+++ rCorr Int-5}
 22727 | Gauntlet | Lost mutation: You are frail. (-10% HP) [potion of
                  | mutation]
 22727 | Gauntlet | Gained mutation: Armour fits poorly on your strangely
                  | shaped body. [potion of mutation]
 22727 | Gauntlet | Gained mutation: You have a somewhat thin skeletal
                  | structure. (Dex +2, Stealth+) [potion of mutation]
 22728 | Gauntlet | Lost mutation: Armour fits poorly on your strangely shaped
                  | body. [potion of mutation]
 22728 | Gauntlet | Lost mutation: You have a somewhat thin skeletal structure.
                  | (Dex +2, Stealth+) [potion of mutation]
 22728 | Gauntlet | Gained mutation: You are clumsy. (Dex -2) [potion of
                  | mutation]
 22786 | Lair:3   | Found a staircase to the Shoals.
 23208 | Lair:3   | Reached XP level 14. HP: 102/105 MP: 0/0
 23794 | Lair:3   | Found a hole to the Spider Nest.
 24219 | Lair:3   | Noticed Nessos
 24527 | Lair:4   | HP: 52/105 [lindwurm (5)]
 24770 | Lair:4   | Found a transporter.
 24842 | Lair:4   | Found a viscous altar of Jiyva.
 24850 | Lair:4   | Found a staircase to the Slime Pits.
 24891 | Lair:3   | Reached skill level 10 in Long Blades
 25036 | Lair:4   | Found a transporter.
 26425 | Lair:5   | Entered Level 5 of the Lair of Beasts
 26496 | Lair:5   | HP: 41/95 [elephant (7)]
 26770 | Lair:4   | HP: 47/95 [elephant (12)]
 26781 | Lair:4   | HP: 30/95 [skyshark (19)]
 27298 | Lair:4   | HP: 43/100 [yak (11)]
 27768 | Lair:5   | HP: 34/104 [boulder beetle (19)]
 28774 | Lair:5   | Noticed Urug
 28779 | Lair:5   | Killed Urug
 29011 | D:7      | Bought a scroll of enchant weapon for 97 gold pieces
 29577 | Lair:5   | Reached skill level 12 in Fighting
 29577 | Lair:5   | Reached skill level 3 in Dodging
 29946 | Lair:5   | HP: 46/107 [something/blast of calcifying dust (10)]
 29949 | Lair:5   | Reached skill level 4 in Dodging
 29953 | Lair:5   | Reached XP level 15. HP: 34/112 MP: 0/0
 29953 | Lair:5   | Learned a level 6 spell: Dispersal
 30261 | Lair:5   | Reached skill level 5 in Dodging
 30261 | Lair:5   | Reached skill level 11 in Spellcasting
 30261 | Lair:5   | Reached skill level 11 in Conjurations
 30261 | Lair:5   | Reached skill level 11 in Hexes
 30261 | Lair:5   | Reached skill level 11 in Summonings
 30261 | Lair:5   | Reached skill level 11 in Necromancy
 30261 | Lair:5   | Reached skill level 11 in Translocations
 30261 | Lair:5   | Reached skill level 11 in Transmutations
 30261 | Lair:5   | Reached skill level 11 in Fire Magic
 30261 | Lair:5   | Reached skill level 11 in Ice Magic
 30261 | Lair:5   | Reached skill level 11 in Air Magic
 30261 | Lair:5   | Reached skill level 11 in Earth Magic
 30261 | Lair:5   | Reached skill level 11 in Poison Magic
 30724 | Orc:1    | Entered Level 1 of the Orcish Mines
 31002 | Orc:2    | Entered Level 2 of the Orcish Mines
 31213 | Orc:2    | Found Sownucs's Weapon Shoppe.
 31239 | Orc:2    | Found a staircase to the Elven Halls.
 31244 | Orc:2    | Found Wiac's Weapon Shop.
 31440 | Orc:1    | Noticed Nergalle
 31592 | Orc:1    | Killed Nergalle
 31593 | Orc:1    | Reached skill level 6 in Dodging
 32463 | Orc:2    | Reached skill level 7 in Dodging
 32546 | Orc:2    | Found Lioni's Antique Weapon Boutique.
 32823 | Orc:2    | Found Alluly's Weapon Emporium.
 33347 | Orc:2    | Noticed Saint Roka
 33359 | Orc:2    | HP: 54/112 [Saint Roka/divine providence (14)]
 33369 | Orc:2    | HP: 33/112 [Saint Roka/divine providence (12)]
 33378 | Orc:2    | HP: 29/112 [orc warrior/+0 glaive[Saint Roka] (7)]
 33382 | Orc:1    | Found Xekhla Etoam's Distillery.
 33645 | Orc:1    | Bought a potion of curing for 36 gold pieces
 33645 | Orc:1    | Bought a potion of curing for 36 gold pieces
 34190 | Orc:1    | HP: 51/112 [Saint Roka/divine providence (15)]
 34195 | Orc:1    | HP: 37/112 [Saint Roka/+0 war axe (4)]
 34198 | Orc:1    | Killed Saint Roka
 34199 | Orc:1    | Reached skill level 8 in Dodging
 34698 | Orc:2    | HP: 38/112 [orc priest/divine providence (15)]
 35020 | Orc:2    | Reached skill level 9 in Dodging
 35185 | Orc:2    | Found Bioch's Antique Weapon Shop.
 35191 | Orc:2    | Found Boethral's Antique Armour Boutique.
 35298 | Orc:2    | Found Wonery's Magic Scroll Shoppe.
 35306 | Orc:2    | Bought a scroll of blinking for 97 gold pieces
 35306 | Orc:2    | Bought a scroll of blinking for 97 gold pieces
 35306 | Orc:2    | Bought a scroll of fog for 52 gold pieces
 35306 | Orc:2    | Bought a scroll of blinking for 97 gold pieces
 35894 | Orc:2    | Reached skill level 10 in Dodging
 36295 | D:11     | Killed Erolcha
 37232 | D:12     | Reached skill level 11 in Dodging
 37778 | D:13     | HP: 54/112 [meliai/+0 war axe (5)]
 38289 | D:13     | HP: 30/112 [mirror damage (8)]
 38805 | D:13     | Reached skill level 12 in Dodging
 38841 | D:13     | HP: 51/112 [mirror damage (6)]
 39606 | D:13     | Reached XP level 16. HP: 72/118 MP: 0/0
 39752 | D:13     | Found a gate to the Vaults.
 40353 | Shoals:1 | Entered Level 1 of the Shoals
 40357 | Shoals:1 | HP: 52/118 [merfolk/+0 trident[a merfolk impaler] (22)]
 40771 | Shoals:1 | Reached skill level 13 in Dodging
 41393 | Shoals:1 | HP: 58/118 [snapping turtle (15)]
 42024 | Shoals:1 | Reached skill level 14 in Dodging
 43086 | Shoals:2 | Reached skill level 13 in Fighting
 44032 | Shoals:2 | Reached skill level 14 in Fighting
 45236 | Shoals:3 | Found Ahyig's Overcharged Wands.
 45244 | Shoals:3 | Noticed Ilsuiw
 45493 | Spider:1 | Entered Level 1 of the Spider Nest
 45523 | Spider:1 | Reached skill level 1 in Evocations
 45641 | Spider:1 | Reached skill level 2 in Evocations
 45814 | Spider:1 | Reached skill level 3 in Evocations
 45932 | Spider:1 | Noticed Jorgrun
 45946 | Spider:1 | Killed Jorgrun
 45947 | Spider:1 | Reached skill level 4 in Evocations
 45947 | Spider:1 | Reached XP level 17. HP: 63/130 MP: 0/0
 45947 | Spider:1 | Learned a level 7 spell: Summon Hydra
 46120 | Spider:1 | Noticed Frances
 46145 | Spider:1 | HP: 61/130 [Frances/+0 hand axe (18)]
 46161 | Spider:1 | Killed Frances
 46797 | Spider:1 | Reached skill level 5 in Evocations
 47521 | Spider:1 | Reached skill level 6 in Evocations
 48025 | Spider:2 | Reached skill level 1 in Armour
 48678 | Spider:2 | Reached skill level 2 in Armour
 49656 | Spider:3 | Reached skill level 15 in Fighting
 49702 | Spider:3 | HP: 47/131 [radroach (36)]
 50112 | Spider:3 | Reached skill level 3 in Armour
 51476 | Spider:3 | Reached skill level 12 in Spellcasting
 51476 | Spider:3 | Reached skill level 12 in Conjurations
 51476 | Spider:3 | Reached skill level 12 in Hexes
 51476 | Spider:3 | Reached skill level 12 in Summonings
 51476 | Spider:3 | Reached skill level 12 in Necromancy
 51476 | Spider:3 | Reached skill level 12 in Translocations
 51476 | Spider:3 | Reached skill level 12 in Transmutations
 51476 | Spider:3 | Reached skill level 12 in Fire Magic
 51476 | Spider:3 | Reached skill level 12 in Ice Magic
 51476 | Spider:3 | Reached skill level 12 in Air Magic
 51476 | Spider:3 | Reached skill level 12 in Earth Magic
 51476 | Spider:3 | Reached skill level 12 in Poison Magic
 51836 | Spider:4 | Entered Level 4 of the Spider Nest
 52089 | Spider:4 | Reached XP level 18. HP: 123/139 MP: 0/0
 52282 | Spider:4 | Reached skill level 16 in Fighting
 52283 | Spider:4 | HP: 67/139 [demonic crawler (8)]
 52288 | Spider:4 | HP: 51/139 [demonic crawler (8)]
 52290 | Spider:4 | HP: 23/139 [demonic crawler (15)]
 52861 | Spider:3 | HP: 62/139 [demonic crawler (15)]
 53208 | Spider:3 | HP: 59/139 [demonic crawler (13)]
 53213 | Spider:3 | HP: 16/139 [spark wasp (19)]
 55412 | Spider:4 | HP: 57/134 [tarantella[a jorogumo] (10)]
 55426 | Spider:4 | HP: 28/130 [jorogumo/bolt of negative energy (31)]
 55907 | Spider:4 | HP: 64/139 [broodmother (9)]
 55912 | Spider:4 | Reached skill level 13 in Spellcasting
 55912 | Spider:4 | Reached skill level 13 in Conjurations
 55912 | Spider:4 | Reached skill level 13 in Hexes
 55912 | Spider:4 | Reached skill level 13 in Summonings
 55912 | Spider:4 | Reached skill level 13 in Necromancy
 55912 | Spider:4 | Reached skill level 13 in Translocations
 55912 | Spider:4 | Reached skill level 13 in Transmutations
 55912 | Spider:4 | Reached skill level 13 in Fire Magic
 55912 | Spider:4 | Reached skill level 13 in Ice Magic
 55912 | Spider:4 | Reached skill level 13 in Air Magic
 55912 | Spider:4 | Reached skill level 13 in Earth Magic
 55912 | Spider:4 | Reached skill level 13 in Poison Magic
 55913 | Spider:4 | HP: 51/141 [culicivora (9)]
 56146 | Spider:4 | Got a gossamer rune of Zot
 56413 | Spider:4 | Reached skill level 17 in Fighting
 57161 | Shoals:2 | HP: 68/142 [merfolk impaler/+0 vampiric demon
                  | trident[Ilsuiw] (22)]
 57625 | Shoals:3 | Noticed Polyphemus
 57679 | Shoals:3 | Killed Polyphemus
 57916 | Shoals:3 | Killed Ilsuiw
 58411 | Shoals:3 | Reached XP level 19. HP: 121/148 MP: 0/0
 58411 | Shoals:3 | Learned a level 6 spell: Plasma Beam
 58905 | Shoals:4 | Identified the "Bithre Imof"
 58905 | Shoals:4 | Entered Level 4 of the Shoals
 59151 | Shoals:4 | Noticed Mara
 59387 | Shoals:4 | Noticed Runia's illusion
 59432 | Shoals:4 | Noticed Louise
 59440 | Shoals:4 | Killed Louise
 59577 | Shoals:4 | Paralysed by an air elemental for 1 turns
 59579 | Shoals:4 | Paralysed by an air elemental for 1 turns
 59727 | Shoals:4 | HP: 35/148 [merfolk javelineer/silver javelin (9)]
 60212 | Shoals:4 | HP: 59/148 [merfolk impaler/+0 demon trident (18)]
 60539 | Shoals:4 | Identified the +7 broad axe of Suceimee {flame, *Slow Will+
                  | Stlth+}
 60772 | Shoals:4 | Identified the +0 long sword of Dim Light {heavy, Str+5
                  | SInv Stlth+}
 60777 | Shoals:4 | Reached skill level 14 in Spellcasting
 60777 | Shoals:4 | Reached skill level 14 in Conjurations
 60777 | Shoals:4 | Reached skill level 14 in Hexes
 60777 | Shoals:4 | Reached skill level 14 in Summonings
 60777 | Shoals:4 | Reached skill level 14 in Necromancy
 60777 | Shoals:4 | Reached skill level 14 in Translocations
 60777 | Shoals:4 | Reached skill level 14 in Transmutations
 60777 | Shoals:4 | Reached skill level 14 in Fire Magic
 60777 | Shoals:4 | Reached skill level 14 in Ice Magic
 60777 | Shoals:4 | Reached skill level 14 in Air Magic
 60777 | Shoals:4 | Reached skill level 14 in Earth Magic
 60777 | Shoals:4 | Reached skill level 14 in Poison Magic
 61190 | Shoals:4 | Paralysed by an air elemental for 1 turns
 61846 | Shoals:4 | Paralysed by an air elemental for 1 turns
 61858 | Shoals:4 | Paralysed by an air elemental for 1 turns
 61858 | Shoals:4 | HP: 66/149 [air elemental/stunning burst (11)]
 61860 | Shoals:4 | Paralysed by an air elemental for 1 turns
 63096 | Shoals:4 | HP: 47/150 [storm dragon/bolt of lightning (38)]
 63182 | Shoals:4 | HP: 64/150 [nameless horror[miscasting Summon Hydra] (6)]
 63895 | Shoals:4 | Noticed Runia's illusion
 63902 | Shoals:4 | Killed Mara
 64053 | Shoals:4 | HP: 65/150 [satyr/arrow (22)]
 64376 | Shoals:4 | Reached skill level 18 in Fighting
 64394 | Shoals:4 | Got a barnacled rune of Zot
 65414 | D:14     | Identified the +10 war axe "Kotaple" {vamp, Int+5}
 66318 | D:14     | Reached skill level 15 in Spellcasting
 66318 | D:14     | Reached skill level 15 in Conjurations
 66318 | D:14     | Reached skill level 15 in Hexes
 66318 | D:14     | Reached skill level 15 in Summonings
 66318 | D:14     | Reached skill level 15 in Necromancy
 66318 | D:14     | Reached skill level 15 in Translocations
 66318 | D:14     | Reached skill level 15 in Transmutations
 66318 | D:14     | Reached skill level 15 in Fire Magic
 66318 | D:14     | Reached skill level 15 in Ice Magic
 66318 | D:14     | Reached skill level 15 in Air Magic
 66318 | D:14     | Reached skill level 15 in Earth Magic
 66318 | D:14     | Reached skill level 15 in Poison Magic
 66517 | D:15     | Entered Level 15 of the Dungeon
 66517 | D:15     | Found a hide-covered altar of Uskayaw.
 66647 | D:15     | HP: 72/151 [two-headed ogre/+0 giant club (12)]
 66849 | D:15     | Reached XP level 20. HP: 152/158 MP: 0/0
 67376 | D:15     | Found a staircase to the Depths.
 67510 | D:15     | Noticed Agnes
 67513 | D:15     | HP: 76/154 [Agnes/+2 vampiric lajatang (28)]
 67515 | D:15     | Killed Agnes
 68770 | Vaults:1 | Entered Level 1 of the Vaults
 68856 | Vaults:1 | HP: 69/158 [ironbound preserver/+0 dire flail (17)]
 69072 | Vaults:1 | HP: 57/158 [centaur warrior/arrow (21)]
 69493 | D:13     | HP: 76/158 [ironbound frostheart (6)]
 70250 | Vaults:1 | HP: 65/158 [ironbound frostheart (16)]
 70257 | Vaults:1 | HP: 79/158 [constriction (5)]
 70492 | Vaults:1 | Reached skill level 16 in Spellcasting
 70492 | Vaults:1 | Reached skill level 16 in Conjurations
 70492 | Vaults:1 | Reached skill level 16 in Hexes
 70492 | Vaults:1 | Reached skill level 16 in Summonings
 70492 | Vaults:1 | Reached skill level 16 in Necromancy
 70492 | Vaults:1 | Reached skill level 16 in Translocations
 70492 | Vaults:1 | Reached skill level 16 in Transmutations
 70492 | Vaults:1 | Reached skill level 16 in Fire Magic
 70492 | Vaults:1 | Reached skill level 16 in Ice Magic
 70492 | Vaults:1 | Reached skill level 16 in Air Magic
 70492 | Vaults:1 | Reached skill level 16 in Earth Magic
 70492 | Vaults:1 | Reached skill level 16 in Poison Magic
 70599 | Vaults:1 | Reached skill level 15 in Dodging
 71342 | Vaults:1 | Noticed Norris
 71634 | Vaults:1 | Killed Norris
 72012 | Vaults:1 | Identified the ring of the Cast Vote {rCorr Dex+8}
 72414 | Vaults:1 | Reached XP level 21. HP: 86/164 MP: 0/0
 72414 | Vaults:1 | Learned a level 8 spell: Borgnjor's Revivification
 73730 | Vaults:2 | Found a staircase to the Crypt.
 73730 | Vaults:2 | Found a basalt altar of Yredelemnul.
 73783 | Vaults:2 | Reached skill level 16 in Dodging
 74325 | Vaults:2 | Identified the +2 scale mail of Jolo {-Tele rElec Str+2
                  | Int+5}
 75311 | Vaults:3 | Reached skill level 17 in Spellcasting
 75311 | Vaults:3 | Reached skill level 17 in Conjurations
 75311 | Vaults:3 | Reached skill level 17 in Hexes
 75311 | Vaults:3 | Reached skill level 17 in Summonings
 75311 | Vaults:3 | Reached skill level 17 in Necromancy
 75311 | Vaults:3 | Reached skill level 17 in Translocations
 75311 | Vaults:3 | Reached skill level 17 in Transmutations
 75311 | Vaults:3 | Reached skill level 17 in Fire Magic
 75311 | Vaults:3 | Reached skill level 17 in Ice Magic
 75311 | Vaults:3 | Reached skill level 17 in Air Magic
 75311 | Vaults:3 | Reached skill level 17 in Earth Magic
 75311 | Vaults:3 | Reached skill level 17 in Poison Magic
 75403 | Vaults:3 | HP: 81/164 [ironbound frostheart/creeping frost (13)]
 76214 | Vaults:3 | Found Xutuyck's Distillery.
 76219 | Vaults:3 | Bought a potion of curing for 60 gold pieces
 76219 | Vaults:3 | Bought 2 potions of curing for 120 gold pieces
 76219 | Vaults:3 | Bought a potion of cancellation for 160 gold pieces
 76219 | Vaults:3 | Bought a potion of curing for 60 gold pieces
 76219 | Vaults:3 | Bought a potion of curing for 60 gold pieces
 76219 | Vaults:3 | Bought 2 potions of curing for 120 gold pieces
 76555 | Vaults:3 | Found a transporter.
 76633 | Vaults:3 | Found a transporter.
 76688 | Vaults:3 | Noticed Boris
 76767 | Vaults:3 | Killed Boris
 77124 | Vaults:3 | HP: 78/165 [ironbound preserver/+0 dire flail[a vault
                  | warden] (18)]
 77662 | Vaults:3 | Found Uzakkinu's Jewellery Boutique.
 77687 | Vaults:3 | Found a runed translucent door.
 77687 | Vaults:3 | Noticed Joextigh's ghost (veteran KoHu)
 77896 | Vaults:3 | Reached skill level 17 in Dodging
 77896 | Vaults:3 | HP: 80/165 [spore (5)]
 77901 | Vaults:3 | HP: 73/165 [cloud of flame (1)]
 78006 | Vaults:3 | HP: 47/165 [deep elf high priest/damnation (35)]
 78011 | Vaults:3 | HP: 61/153 [stone giant/large rock (39)]
 78012 | Vaults:3 | HP: 19/153 [stone giant/large rock (36)]
 78014 | Vaults:3 | Reached XP level 22. HP: 13/159 MP: 0/0
 78476 | Vaults:3 | Reached skill level 19 in Fighting
 78700 | Vaults:3 | Identified the +0 fire dragon scales of Kikubaaqudgha's
                  | Hatred {rF++ rC- rN+ Str+4 Dex+3}
 78706 | Vaults:3 | Identified the amulet "Keitra" {Spirit rPois Stlth+}
 78714 | Vaults:3 | Identified the ring of Setsoyri {Contam *Corrode Will+
                  | Str+2 Dex+8}
 78861 | Vaults:3 | Lost mutation: You are clumsy. (Dex -2) [potion of
                  | mutation]
 78861 | Vaults:3 | Gained mutation: You are partially covered in iridescent
                  | scales. (AC +2) [potion of mutation]
 78861 | Vaults:3 | Gained mutation: Your flesh is almost immune to the effects
                  | of heat. (rF+++) [potion of mutation]
 78938 | Vaults:4 | Identified the of Benapuh
 79567 | Vaults:4 | HP: 73/160 [titan/the air (32)]
 80167 | Vaults:4 | Reached skill level 18 in Dodging
 80596 | Vaults:4 | Noticed a golden dragon
 81223 | Vaults:4 | Killed a golden dragon
 81454 | Vaults:4 | Reached skill level 18 in Spellcasting
 81454 | Vaults:4 | Reached skill level 18 in Conjurations
 81454 | Vaults:4 | Reached skill level 18 in Hexes
 81454 | Vaults:4 | Reached skill level 18 in Summonings
 81454 | Vaults:4 | Reached skill level 18 in Necromancy
 81454 | Vaults:4 | Reached skill level 18 in Translocations
 81454 | Vaults:4 | Reached skill level 18 in Transmutations
 81454 | Vaults:4 | Reached skill level 18 in Fire Magic
 81454 | Vaults:4 | Reached skill level 18 in Ice Magic
 81454 | Vaults:4 | Reached skill level 18 in Air Magic
 81454 | Vaults:4 | Reached skill level 18 in Earth Magic
 81454 | Vaults:4 | Reached skill level 18 in Poison Magic
 81858 | Vaults:4 | HP: 73/161 [frost giant/bolt of cold (24)]
 82545 | Depths:1 | Identified the "Kuarext"
 82545 | Elf:1    | Entered Level 1 of the Elven Halls
 82577 | Elf:1    | Found Urriol's Armour Emporium.
 82659 | Elf:1    | Found Sudipnob's Magic Scroll Shoppe.
 82664 | Elf:1    | Bought a scroll of revelation for 90 gold pieces
 82664 | Elf:1    | Bought a scroll of immolation for 48 gold pieces
 82664 | Elf:1    | Bought a scroll of immolation for 48 gold pieces
 82664 | Elf:1    | Bought a scroll of fog for 48 gold pieces
 82664 | Elf:1    | Bought a scroll of vulnerability for 48 gold pieces
 82760 | Elf:1    | Found Zioropef's Magic Scroll Shoppe.
 82768 | Elf:1    | Bought a scroll of revelation for 82 gold pieces
 82768 | Elf:1    | Bought a scroll of teleportation for 33 gold pieces
 83106 | Elf:1    | Found Xoadd's Armour Shoppe.
 83156 | Elf:1    | Reached XP level 23. HP: 151/167 MP: 0/0
 83156 | Elf:1    | Learned a level 8 spell: Ignition
 83279 | Elf:1    | Identified the +0 ring mail of the Raven {+Inv rPois rC+++
                  | Stlth-}
 83628 | Elf:2    | Reached skill level 19 in Dodging
 83673 | Elf:2    | HP: 82/168 [ten-headed hydra collision (9)]
 83727 | Elf:2    | Reached skill level 20 in Fighting
 84068 | Elf:2    | Found a runed translucent gate.
 84070 | Elf:2    | Found a runed translucent gate.
 84070 | Elf:2    | Found a runed translucent gate.
 84124 | Elf:2    | Paralysed by an air elemental for 1 turns
 84199 | Elf:2    | Reached skill level 4 in Armour
 84340 | Elf:2    | Found a runed translucent door.
 84343 | Elf:2    | Noticed Sundig's ghost (adept FoFi)
 85047 | Elf:2    | Reached skill level 5 in Armour
 85518 | Elf:2    | Killed Sundig's ghost
 85589 | Elf:3    | Identified the "Rusobid"
 85589 | Elf:3    | Entered Level 3 of the Elven Halls
 85590 | Elf:3    | Paralysed by an air elemental for 1 turns
 86278 | Elf:3    | Paralysed by an air elemental for 1 turns
 86328 | Elf:3    | Reached skill level 6 in Armour
 86410 | Elf:3    | Reached skill level 19 in Spellcasting
 86410 | Elf:3    | Reached skill level 19 in Conjurations
 86410 | Elf:3    | Reached skill level 19 in Hexes
 86410 | Elf:3    | Reached skill level 19 in Summonings
 86410 | Elf:3    | Reached skill level 19 in Necromancy
 86410 | Elf:3    | Reached skill level 19 in Translocations
 86410 | Elf:3    | Reached skill level 19 in Transmutations
 86410 | Elf:3    | Reached skill level 19 in Fire Magic
 86410 | Elf:3    | Reached skill level 19 in Ice Magic
 86410 | Elf:3    | Reached skill level 19 in Air Magic
 86410 | Elf:3    | Reached skill level 19 in Earth Magic
 86410 | Elf:3    | Reached skill level 19 in Poison Magic
 86425 | Elf:3    | Noticed Bai Suzhen
 86450 | Elf:3    | HP: 82/168 [Bai Suzhen (16)]
 86454 | Elf:2    | HP: 40/168 [Bai Suzhen] (40)]
 86575 | Elf:2    | Killed Bai Suzhen
 86977 | Elf:3    | Identified the ring "Vivuxopt" {Wiz rF+}
 86998 | Elf:3    | Identified the +4 rapier of Guwa Leac {venom, rF+ MP+9
                  | Dex+3}
 86998 | Elf:3    | Identified the ring of the Cockatrice {Ice rElec rPois
                  | Str-3 Slay+3}
 86999 | Elf:3    | HP: 77/168 [deep elf elementalist/blast of rock fragments
                  | (5)]
 87130 | Elf:3    | Identified the ring of Ockomoucs {+Blink rElec rC- MP-9
                  | Int+6}
 87226 | Elf:3    | Reached skill level 7 in Armour
 87277 | Elf:3    | Identified the amulet of Darkness {Reflect Regen+ Dex+2
                  | SH+5}
 87436 | Elf:3    | Identified the +1 chain mail of the Circus Animal {MP+9
                  | Dex+4}
 87439 | Elf:3    | Reached XP level 24. HP: 145/175 MP: 0/0
 87548 | Elf:3    | Identified the +0 helmet of Sandy Brilliance {Drain Dex+5}
 87563 | Elf:3    | Identified the storm talisman of the Trout {Dex+2}
 87782 | Elf:3    | Found Ryazaz's Jewellery Shop.
 88152 | Depths:1 | Entered Level 1 of the Depths
 88152 | Depths:1 | Found a one-way gateway to a ziggurat.
 88240 | Depths:1 | Found a transporter.
 88713 | Depths:1 | Found a transporter.
 88920 | Depths:1 | Found a gateway to Hell.
 89496 | Depths:2 | Found a one-way gate to the infinite horrors of the Abyss.
 89784 | Depths:2 | Found a one-way gate leading to the halls of Pandemonium.
 90451 | Depths:3 | Noticed a golden dragon
 90494 | Depths:3 | Identified the +12 scimitar of the Bespelling Wasp {freeze,
                  | rElec rPois MP+9}
 90495 | Depths:3 | Reached skill level 21 in Fighting
 90517 | Depths:3 | Killed a golden dragon
 90518 | Depths:3 | Reached skill level 20 in Spellcasting
 90518 | Depths:3 | Reached skill level 20 in Conjurations
 90518 | Depths:3 | Reached skill level 20 in Hexes
 90518 | Depths:3 | Reached skill level 20 in Summonings
 90518 | Depths:3 | Reached skill level 20 in Necromancy
 90518 | Depths:3 | Reached skill level 20 in Translocations
 90518 | Depths:3 | Reached skill level 20 in Transmutations
 90518 | Depths:3 | Reached skill level 20 in Fire Magic
 90518 | Depths:3 | Reached skill level 20 in Ice Magic
 90518 | Depths:3 | Reached skill level 20 in Air Magic
 90518 | Depths:3 | Reached skill level 20 in Earth Magic
 90518 | Depths:3 | Reached skill level 20 in Poison Magic
 91022 | Depths:3 | Noticed Boris
 91026 | Depths:3 | Killed Boris
 91657 | Depths:4 | Entered Level 4 of the Depths
 91661 | Depths:4 | Reached skill level 11 in Long Blades
 91673 | Depths:3 | HP: 88/179 [elephant[a spriggan berserker] (14)]
 91677 | Depths:3 | HP: 35/179 [spriggan berserker/+2 antimagic rapier (37)]
 91808 | Depths:4 | Noticed a caustic shrike
 91808 | Depths:4 | Noticed a caustic shrike
 91808 | Depths:4 | Noticed a caustic shrike
 91857 | Depths:4 | Noticed Parghit
 91990 | Depths:3 | Killed a caustic shrike
 92040 | Depths:4 | Noticed a golden dragon
 92051 | Depths:3 | Reached skill level 13 in Shields
 92051 | Depths:3 | Killed a caustic shrike
 92373 | Depths:3 | Killed a caustic shrike
 92513 | Depths:4 | Reached skill level 12 in Long Blades
 92622 | Depths:3 | Killed a golden dragon
 92671 | Depths:3 | Reached XP level 25. HP: 145/184 MP: 0/0
 92671 | Depths:3 | Learned a level 9 spell: Dragon's Call
 92957 | Depths:3 | Killed Parghit
 93481 | Depths:4 | Found a gate to the Realm of Zot.
 93676 | Depths:4 | Acquired 930 gold pieces
 94091 | Slime:1  | Entered Level 1 of the Pits of Slime
 94107 | Slime:2  | Noticed Dissolution
 94114 | Slime:2  | Reached skill level 13 in Long Blades
 94117 | Slime:2  | Killed Dissolution
 94430 | Slime:2  | Reached skill level 14 in Shields
 94546 | Slime:3  | Noticed Donald
 94751 | Slime:2  | Killed Donald
 95103 | Slime:5  | Identified the "Cuanobb"
 95103 | Slime:5  | Entered Level 5 of the Pits of Slime
 95230 | Slime:5  | Reached skill level 14 in Long Blades
 95824 | Slime:5  | Noticed the Royal Jelly
 95847 | Slime:5  | Killed the Royal Jelly
 95854 | Slime:4  | HP: 88/184 [rockslime[the Royal Jelly] (24)]
 96171 | Slime:5  | Reached skill level 15 in Long Blades
 96420 | Slime:5  | Found the amulet of the Four Winds {rN+ Will+++ Clar}
 96436 | Slime:5  | Got a slimy rune of Zot
 96478 | Slime:5  | Identified the +8 spear "Koil" {holy, rCorr}
 96495 | Slime:5  | Identified the ring "Utinlergh" {rElec rC+ Dex+6}
 96531 | Slime:5  | Identified the +3 scale mail of the Modern Knives {rPois
                  | Int+3}
 96732 | Slime:5  | Gained mutation: You have hidden genetic defects.
                  | [mutagenic glow]
 97533 | Vaults:5 | Entered Level 5 of the Vaults
 97535 | Vaults:5 | Reached skill level 15 in Shields
 97535 | Vaults:5 | Reached XP level 26. HP: 188/192 MP: 0/0
 97559 | Vaults:5 | HP: 86/192 [titan/bolt of lightning (17)]
 97882 | Vaults:5 | Reached skill level 16 in Long Blades
 97885 | Vaults:5 | HP: 81/187 [frost giant/bolt of cold (11)]
 98182 | Vaults:5 | Identified the +2 rapier "Eron" {freeze, Int+5 Stlth+}
 98185 | Vaults:5 | Reached skill level 16 in Shields
 98386 | Vaults:4 | HP: 95/192 [tentacled monstrosity (27)]
 98648 | Vaults:4 | Gained mutation: You are dopey. (Int -2) [hidden defects]
 99227 | Orc:2    | Bought a glowing troll leather armour for 576 gold pieces
100269 | Vaults:5 | HP: 96/192 [yaktaur captain/bolt (42)]
100270 | Vaults:5 | Identified the +7 quarterstaff of the Messenger {protect,
                  | rCorr Str+3}
100654 | Vaults:4 | HP: 84/192 [purple very ugly thing (20)]
100659 | Vaults:4 | HP: 79/288 [war gargoyle/spray of metal splinters (44)]
101836 | Vaults:5 | Gained mutation: You occasionally lose the ability to read
                  | scrolls when taking damage. [hidden defects]
101836 | Vaults:5 | Lost mutation: You have hidden genetic defects. [hidden
                  | defects expressed]
101885 | Vaults:4 | Lost mutation: You occasionally lose the ability to read
                  | scrolls when taking damage. [potion of mutation]
101885 | Vaults:4 | Lost mutation: You are dopey. (Int -2) [potion of mutation]
101885 | Vaults:4 | Lost mutation: You are partially covered in iridescent
                  | scales. (AC +2) [potion of mutation]
102394 | Vaults:5 | Identified the +0 hand axe of the Ten Stories {flame, rElec
                  | rPois SInv}
102530 | Vaults:5 | Identified the +1 hand axe of the Resonant God {freeze,
                  | rPois rCorr}
102554 | Vaults:5 | Found the +3 pair of gauntlets of War {Slay+5}
102620 | Vaults:5 | Noticed a dread lich
102630 | Vaults:5 | Killed a dread lich
102948 | Vaults:5 | Found Ebrarips's Magic Scroll Shop.
102953 | Vaults:5 | Bought a scroll of enchant weapon for 127 gold pieces
102953 | Vaults:5 | Bought a scroll of enchant armour for 127 gold pieces
102962 | Vaults:5 | Bought a scroll of immolation for 68 gold pieces
102962 | Vaults:5 | Bought a scroll of revelation for 127 gold pieces
102962 | Vaults:5 | Bought a scroll of fog for 68 gold pieces
102962 | Vaults:5 | Bought a scroll of fog for 68 gold pieces
102970 | Vaults:5 | Got a silver rune of Zot
102993 | Vaults:5 | Found Piloduc's Distillery.
103002 | Vaults:5 | Bought a potion of lignification for 72 gold pieces
103002 | Vaults:5 | Bought a potion of heal wounds for 120 gold pieces
103002 | Vaults:5 | Bought a potion of mutation for 192 gold pieces
103002 | Vaults:5 | Bought a potion of haste for 240 gold pieces
103002 | Vaults:5 | Bought a potion of haste for 240 gold pieces
103002 | Vaults:5 | Bought a potion of might for 96 gold pieces
103002 | Vaults:5 | Bought a potion of curing for 72 gold pieces
103002 | Vaults:5 | Bought a potion of haste for 240 gold pieces
103002 | Vaults:5 | Bought a potion of curing for 72 gold pieces
103002 | Vaults:5 | Bought a potion of curing for 72 gold pieces
103017 | Vaults:5 | Found Kiopeets's Magic Scroll Shoppe.
103022 | Vaults:5 | Bought a scroll of fog for 72 gold pieces
103022 | Vaults:5 | Bought a scroll of teleportation for 54 gold pieces
103022 | Vaults:5 | Bought a scroll of silence for 171 gold pieces
103022 | Vaults:5 | Bought a scroll of fog for 72 gold pieces
103154 | Vaults:5 | Identified the staff "Undertaker" {rPois rN+ Str+3 Stlth-
                  | Poison}
103306 | Vaults:5 | Noticed a dread lich
103327 | Vaults:5 | Killed a dread lich
103328 | Vaults:5 | Reached skill level 22 in Fighting
103553 | Crypt:1  | Entered Level 1 of the Crypt
103596 | Crypt:1  | Noticed Zenata
103607 | Crypt:1  | Killed Zenata
103724 | Crypt:1  | HP: 92/192 [fire dragon zombie (9)]
103961 | Crypt:1  | Reached XP level 27. HP: 165/200 MP: 0/0
103961 | Crypt:1  | Learned a level 9 spell: Polar Vortex
104082 | Crypt:1  | HP: 100/200 [revenant] (1)]
104956 | Vaults:5 | Bought a scroll of enchant weapon for 135 gold pieces
105850 | Elf:1    | Bought a scroll of silence for 104 gold pieces
105850 | Elf:1    | Bought a scroll of brand weapon for 104 gold pieces
105990 | D:7      | Bought a scroll of brand weapon for 123 gold pieces
105990 | D:7      | Bought a scroll of silence for 123 gold pieces
106983 | Crypt:2  | Reached skill level 21 in Spellcasting
106983 | Crypt:2  | Reached skill level 21 in Conjurations
106983 | Crypt:2  | Reached skill level 21 in Hexes
106983 | Crypt:2  | Reached skill level 21 in Summonings
106983 | Crypt:2  | Reached skill level 21 in Necromancy
106983 | Crypt:2  | Reached skill level 21 in Translocations
106983 | Crypt:2  | Reached skill level 21 in Transmutations
106983 | Crypt:2  | Reached skill level 21 in Fire Magic
106983 | Crypt:2  | Reached skill level 21 in Ice Magic
106983 | Crypt:2  | Reached skill level 21 in Air Magic
106983 | Crypt:2  | Reached skill level 21 in Earth Magic
106983 | Crypt:2  | Reached skill level 21 in Poison Magic
106991 | Crypt:2  | HP: 98/200 [??? (78)]
107000 | Crypt:2  | HP: 87/200 [wraith (8)]
107005 | Crypt:2  | HP: 72/200 [phantasmal warrior (18)]
107010 | Crypt:2  | HP: 44/200 [flying skull (8)]
107387 | Crypt:1  | HP: 100/200 [skeletal warrior/+0 scimitar (13)]
108490 | Crypt:3  | Entered Level 3 of the Crypt
110299 | Crypt:3  | Reached skill level 17 in Long Blades
111133 | Crypt:3  | Identified the amulet of Otwim {Regen+ Int+7}
111133 | Crypt:3  | Identified the ring "Iczier" {rN+ Dex+3}
111133 | Crypt:3  | Identified the ring "Rute" {rC+ rN+}
111155 | Crypt:3  | Noticed an ancient lich
111168 | Crypt:3  | Killed an ancient lich
111360 | Crypt:3  | Found a staircase to the Tomb.
111405 | Crypt:3  | Identified the +4 long sword of Greed {flame, Fly rPois rN+
                  | SInv}
111993 | Depths:3 | Voluntarily entered the Abyss.
111993 | Abyss:1  | Found a corrupted altar of Lugonu.
111998 | Abyss:1  | Found a corrupted altar of Lugonu.
112356 | Abyss:3  | Noticed an ancient lich
112361 | Depths:3 | Escaped the Abyss
112374 | Depths:3 | Voluntarily entered the Abyss.
112423 | Abyss:3  | Got an abyssal rune of Zot
112485 | Abyss:3  | Reached skill level 22 in Spellcasting
112485 | Abyss:3  | Reached skill level 22 in Conjurations
112485 | Abyss:3  | Reached skill level 22 in Hexes
112485 | Abyss:3  | Reached skill level 22 in Summonings
112485 | Abyss:3  | Reached skill level 22 in Necromancy
112485 | Abyss:3  | Reached skill level 22 in Translocations
112485 | Abyss:3  | Reached skill level 22 in Transmutations
112485 | Abyss:3  | Reached skill level 22 in Fire Magic
112485 | Abyss:3  | Reached skill level 22 in Ice Magic
112485 | Abyss:3  | Reached skill level 22 in Air Magic
112485 | Abyss:3  | Reached skill level 22 in Earth Magic
112485 | Abyss:3  | Reached skill level 22 in Poison Magic
112555 | Abyss:3  | Found a corrupted altar of Lugonu.
112591 | Depths:3 | Escaped the Abyss
112767 | Zot:1    | Entered Level 1 of the Realm of Zot
113121 | Zot:1    | You are sucked into a shaft and drop 1 floor!
113184 | Zot:1    | HP: 94/200 [white draconian stormcaller (18)]
113185 | Zot:1    | HP: 39/200 [black draconian knight/bolt of cold[a white
                  | draconian stormcaller] (28)]
113415 | Zot:1    | HP: 88/200 [red draconian/+0 glaive (18)]
115166 | Zot:2    | HP: 97/200 [green draconian monk (4)]
115171 | Zot:2    | HP: 69/200 [green draconian monk (2)]
115173 | Zot:2    | Reached skill level 23 in Spellcasting
115173 | Zot:2    | Reached skill level 23 in Conjurations
115173 | Zot:2    | Reached skill level 23 in Hexes
115173 | Zot:2    | Reached skill level 23 in Summonings
115173 | Zot:2    | Reached skill level 23 in Necromancy
115173 | Zot:2    | Reached skill level 23 in Translocations
115173 | Zot:2    | Reached skill level 23 in Transmutations
115173 | Zot:2    | Reached skill level 23 in Fire Magic
115173 | Zot:2    | Reached skill level 23 in Ice Magic
115173 | Zot:2    | Reached skill level 23 in Air Magic
115173 | Zot:2    | Reached skill level 23 in Earth Magic
115173 | Zot:2    | Reached skill level 23 in Poison Magic
115318 | Zot:2    | Identified the +9 longbow "Ynea" {drain, rPois rN+ Will+
                  | Dex+3}
115609 | Zot:3    | HP: 90/200 [golden dragon (32)]
115733 | Zot:5    | Entered Level 5 of the Realm of Zot
115756 | Zot:5    | HP: 72/166 [shadow dragon/bolt of negative energy (45)]
115855 | Zot:5    | HP: 76/180 [purple draconian/bolt of dispelling energy
                  | (32)]
116430 | Zot:5    | HP: 78/188 [red draconian scorcher/bolt of magma (26)]
116684 | Zot:5    | Identified the +0 robe of the Bagpipe {rC+ Regen+ Dex+3}
116701 | Zot:5    | Noticed an ancient lich
116706 | Zot:5    | Noticed an ancient lich
116713 | Zot:5    | Noticed an orb of fire
116714 | Zot:5    | Noticed a dread lich
116714 | Zot:5    | Noticed a Killer Klown
116714 | Zot:5    | Noticed an orb of fire
116714 | Zot:5    | Noticed a dread lich
116717 | Zot:5    | Noticed an orb of fire
116720 | Zot:5    | HP: 89/200 [??? (87)]
116722 | Zot:5    | Killed an ancient lich
116730 | Zot:5    | Noticed an orb of fire
116735 | Zot:5    | Killed a dread lich
116744 | Zot:5    | Killed an orb of fire
116757 | Zot:5    | Killed an ancient lich
116769 | Zot:5    | Gained mutation: You are robust. (+10% HP) [an orb of fire]
116777 | Zot:5    | Gained mutation: Your body sometimes deteriorates upon
                  | taking damage. [an orb of fire]
116777 | Zot:5    | Killed an orb of fire
116789 | Zot:5    | Noticed a Killer Klown
116793 | Zot:5    | Killed a Killer Klown
116836 | Zot:5    | Got the Orb of Zot
116906 | Zot:5    | Killed Aciupt the pandemonium lord
116988 | Zot:2    | Reached skill level 24 in Spellcasting
116988 | Zot:2    | Reached skill level 24 in Conjurations
116988 | Zot:2    | Reached skill level 24 in Hexes
116988 | Zot:2    | Reached skill level 24 in Summonings
116988 | Zot:2    | Reached skill level 24 in Necromancy
116988 | Zot:2    | Reached skill level 24 in Translocations
116988 | Zot:2    | Reached skill level 24 in Transmutations
116988 | Zot:2    | Reached skill level 24 in Fire Magic
116988 | Zot:2    | Reached skill level 24 in Ice Magic
116988 | Zot:2    | Reached skill level 24 in Air Magic
116988 | Zot:2    | Reached skill level 24 in Earth Magic
116988 | Zot:2    | Reached skill level 24 in Poison Magic
117481 | D:$      | Escaped with the Orb!

Illustrated notes

Levels and vault maps discovered:
D:1:      minmay_arrival_arboretum_small, layout_basic, chequers_jeans
D:2:      layout_basic, hellmonk_ecumenical_altar_slurped_away, uniq_robin
D:3:      layout_loops_cross, nicolae_overflow_crystal_walls, uniq_jessica
D:4:      layout_gridville, lemuel_tele_altar
D:5:      layout_rooms, mainiacjoe_overflow_six_doors_small,
          grunt_gozag_breadcrumbs, minmay_temple_entry_antechambers,
          gammafunk_ghost_cemetery
D:6:      kennysheep_slugbush, layout_loops_cross
D:7:      layout_cave_pools, mainiacjoe_overflow_concentric_impassable,
          cheibrodos_ashenzari_chains, okawaru_gym_becter,
          mainiacjoe_overflow_24_doors, general_overflow_altar, serial_shops,
          shop, nicolae_specific_store
D:8:      layout_basic, mainiacjoe_overflow_brackets, uniq_maggie,
          uniq_prince_ribbit1, uniq_jeremiah
D:9:      lemuel_castle_with_subvaults [lemuel_castle_interior_original],
          layout_stronghold, nicolae_sif_muna_condensation, dpeg_oklobed_lair,
          david_orc_4, enter_bailey_2
D:10:     layout_layer_cave, david_defended_altar_orc
D:11:     layout_roguey, fedhas_altar_1
D:12:     layout_cave_pools, uniq_erolcha
D:13:     layout_basic, david_vaults_4, kennysheep_doodads
D:14:     layout_irregular_city, serial_glass, glass_columns_b, glass_columns_b,
          st_stairs_10, david_greed
D:15:     grunt_enter_depths_magical_seal, layout_layer_cave,
          serial_bayou_shore_a, dancing_weapons_uskayaw, uniq_agnes
Temple:   jpeg_temple_clearing
Lair:1:   layout_roguey, basic_altar
Lair:2:   regret_index_wax_grids, layout_big_grid
Lair:3:   dragon1_lemuel, layout_layer_cave, elwin_shoals_entry_rocks,
          spider_nest_entry_webs, gauntlet_entry_generic,
          nicolae_quartered_pool_little, kennysheep_rathole, uniq_nessos
Lair:4:   gammafunk_worm_tunnel, layout_gridlike, slime_entry_1,
          roderic_carrion_pond
Lair:5:   grunt_lair_end_beastmaster, layout_cellular_growth, uniq_urug
Shoals:1: layout_shoals
Shoals:2: layout_shoals
Shoals:3: layout_shoals, nicolae_shop_overcharged_wands, uniq_ilsuiw,
          uniq_polyphemus
Shoals:4: shoals_end_hellmonk_storm_palace [storm_palace_center_circular,
          storm_palace_corner_narrow, storm_palace_corner_reverse_hut,
          storm_palace_corner_narrow, storm_palace_corner_reverse_hut],
          serial_shops, uniq_mara, uniq_louise
Spider:1: layout_cave_pods, uniq_jorgrun, uniq_frances
Spider:2: layout_cave_pods
Spider:3: layout_spider_delve, nicolae_spider_jagged_tunnels
Spider:4: hellmonk_spider_rune_endless_swarm, nicolae_crawler_farm
Slime:1:  layout_caves
Slime:2:  layout_caves, uniq_dissolution
Slime:3:  layout_caves, nicolae_slime_phagocytosis, uniq_donald
Slime:4:  layout_caves, nicolae_slime_welcoming_committee
Slime:5:  slime_pit_nicolae_royal_road_to_ruin
Orc:1:    layout_caves, serial_shops, shop, nicolae_orc_flooded_monolith,
          uniq_nergalle
Orc:2:    grunt_orc_community_town_hall, layout_diamond_mine,
          grunt_orc_community_big_house_1, grunt_orc_community_big_house_2,
          grunt_orc_community_house_1, grunt_orc_community_house_1,
          grunt_orc_community_house_2, grunt_orc_community_house_3,
          grunt_orc_community_house_3, serial_shops, shop_fountains, shop,
          nicolae_shop_bloodbath_and_beyond, basic_altar, lemuel_statue_altar,
          einodemon_barbed_minivault
Elf:1:    eino_elf_arrival_shootout, layout_gridlike, serial_shops,
          nicolae_shop_behind_doors, nicolae_shop_tiny_statue_garden, shop,
          shop, hangedman_elf_disciples
Elf:2:    nicolae_elf_blades_crystal_corner, layout_gridlike,
          ebering_ghost_reflecting_pool, hangedman_elven_ridges,
          grunt_ministairs_3, nicolae_elevator_lobby_plus
Elf:3:    elf_hall_gauntlet_wide, layout_geoelf_grid, serial_shops, shop,
          uniq_bai_suzhen
Vaults:1: nicolae_vaults_mini_display_case, v_pattern_3, hangedman_vaults_slice,
          nicolae_vaults_storage_closets_1, vaults_mumra_hex,
          nicolae_vaults_little_squares_2, nicolae_vaults_closet_pinwheel_1,
          v_misc_25, vaults_dpeg_hooks, layout_vaults_maze_snakey, uniq_norris
Vaults:2: v_misc_26, vaults_room_door_hall, v_misc_5, hangedman_vaults_stream,
          v_misc_23, nicolae_vaults_rhombus_6, nicolae_vaults_little_squares_1,
          vaults_dpeg_diagonal, minmay_crypt_entry_necro_gods, v_misc_29,
          nicolae_vaults_storage_closets_2, vaults_dpeg_emergency_exit,
          nicolae_vaults_diamond_2, nicolae_vaults_apartment_1,
          layout_vaults_omnicross
Vaults:3: gammafunk_ghost_grave, v_alt_pattern_2, gammafunk_dig_for_victory,
          nicolae_vaults_octothorpe, layout_vaults_omnigrid, serial_shops,
          nicolae_shop_hallway_stairs, nicolae_shop_tiny_statue_garden,
          uniq_boris
Vaults:4: v_misc_3, st_greater_box_3, nicolae_vaults_house_2, v_alt_pattern_6,
          nicolae_vaults_alarming, v_pattern_2,
          vaults_standard_mumra_enter_the_diamond, vaults_room_fours,
          layout_vaults_omnibox
Vaults:5
Crypt:1:  layout_rooms, minmay_misc_feat_alley, uniq_zenata
Crypt:2:  layout_gridlike, roderic_lattice_octagonal_star
Crypt:3:  cryptofortress_bobbens
Depths:1: layout_cross, enter_ziggurat_f, lightli_too_deep,
          nicolae_zig_zag_zippers, serial_sigils_hangedman_clutch,
          nicolae_diode_stairs
Depths:2: dreamdust_experimentation, layout_cave_pools, abyss_entry,
          grunt_pan_entry_spiral, roderic_three_in_a_row,
          pf_hell_entry_tar_river, infiniplex_staircase_spiral
Depths:3: minmay_the_grid_triangle_9x9_recursive_2
          [minmay_the_grid_triangle_9x9_prize_top_heavy,
          minmay_the_grid_triangle_9x9_zippers_horizontal,
          minmay_the_grid_triangle_9x9_odd_lines,
          minmay_the_grid_triangle_9x9_limited_checkers], layout_cave_shapes,
          abyss_entry_crystal, minmay_misc_feat_x, grunt_hell_entry_dis_grunt,
          st_stairs_14, minmay_staircase_windowed_small
Depths:4: grunt_twist_and_shout, layout_cave_pools, hangedman_coc_ice_floe,
          serial_bayou_ford_a, uniq_parghit
Zot:1:    lemuel_firehouse, layout_onion_interference, st_stairs_13
Zot:2:    layout_onion_interference, grunt_megastairs_2
Zot:3:    layout_gridlike, grunt_ministairs_15, st_stairs_5,
          hangedman_zot_decor_checkerboard
Zot:4:    layout_basic, lemuel_elevator
Zot:5:    layout_basic, gammafunk_ghost_crypt

Skill      XL: |  1  2  3  4  5  6  7  8  9 10 11 12 13 14 15 16 17 18 19 20 21 22 23 24 25 26 27 |
---------------+----------------------------------------------------------------------------------+-----
Spellcasting   | 4 5 6 8 9 10 11 12 13 15 16 17 18 19 20 24 | 24.0
Conjurations   | 4 5 6 8 9 10 11 12 13 15 16 17 18 19 20 24 | 24.0
Hexes          | 4 5 6 8 9 10 11 12 13 15 16 17 18 19 20 24 | 24.0
Summonings     | 4 5 6 8 9 10 11 12 13 15 16 17 18 19 20 24 | 24.0
Necromancy     | 4 5 6 8 9 10 11 12 13 15 16 17 18 19 20 24 | 24.0
Translocations | 4 5 6 8 9 10 11 12 13 15 16 17 18 19 20 24 | 24.0
Transmutations | 4 5 6 8 9 10 11 12 13 15 16 17 18 19 20 24 | 24.0
Fire Magic     | 4 5 6 8 9 10 11 12 13 15 16 17 18 19 20 24 | 24.0
Ice Magic      | 4 5 6 8 9 10 11 12 13 15 16 17 18 19 20 24 | 24.0
Air Magic      | 4 5 6 8 9 10 11 12 13 15 16 17 18 19 20 24 | 24.0
Earth Magic    | 4 5 6 8 9 10 11 12 13 15 16 17 18 19 20 24 | 24.0
Poison Magic   | 4 5 6 8 9 10 11 12 13 15 16 17 18 19 20 24 | 24.0
Fighting       | 3 7 10 11 12 14 15 17 18 19 20 21 22 | 22.2
Shields        | 2 6 9 10 12 13 15 16 | 16.6
Long Blades    | 4 9 10 12 15 16 17 | 17.0
Dodging        | 4 12 14 15 17 18 19 | 19.0
Evocations     | 4 6 |  6.0
Armour         | 3 7 |  7.4
Stealth        | |  1.5

Action                     |  1- 3 |  4- 6 |  7- 9 | 10-12 | 13-15 | 16-18 | 19-21 | 22-24 | 25-27 || total
---------------------------+-------+-------+-------+-------+-------+-------+-------+-------+-------++-------
  Melee: Dagger            |       |       |     4 |       |       |       |       |       |       ||     4
         Long sword        |       |       |       |     3 |    14 |       |       |       |       ||    17
         Double sword      |       |       |       |       |    37 |   405 |   263 |   238 |   748 ||  1691
         Triple sword      |       |       |       |       |       |       |       |       |    57 ||    57
  Throw: Dart              |       |       |       |       |       |     4 |     2 |       |       ||     6
   Cast: Shock             |    61 |    92 |    45 |       |    13 |       |       |       |       ||   211
         Scorch            |       |     6 |     2 |    67 |   111 |   116 |    22 |     8 |       ||   332
         Airstrike         |       |       |    90 |   239 |   662 |   446 |    45 |    72 |    20 ||  1574
         Dazzling Flash    |       |       |     1 |       |     3 |       |       |       |       ||     4
         Summon Ice Beast  |       |       |     4 |    35 |    58 |    38 |     5 |     3 |     1 ||   144
         Iskenderun's Batt |       |       |       |    16 |    70 |    59 |     7 |     3 |       ||   155
         Arcjolt           |       |       |       |       |    32 |    12 |    12 |     1 |       ||    57
         Kiss of Death     |       |       |       |       |     2 |       |       |       |       ||     2
         Dispersal         |       |       |       |       |       |     2 |     1 |       |     6 ||     9
         Summon Hydra      |       |       |       |       |       |    19 |    41 |    59 |    26 ||   145
         Plasma Beam       |       |       |       |       |       |       |   412 |   466 |   296 ||  1174
         Borgnjor's Revivi |       |       |       |       |       |       |     1 |       |       ||     1
         Ignition          |       |       |       |       |       |       |       |     1 |   117 ||   118
         Dragon's Call     |       |       |       |       |       |       |       |       |     5 ||     5
         Polar Vortex      |       |       |       |       |       |       |       |       |     3 ||     3
 Invoke: Potion Petition   |       |       |       |       |     6 |     7 |     6 |     1 |    15 ||    35
         Bribe Branch      |       |       |       |       |       |       |       |       |     3 ||     3
  Evoke: Wand              |       |       |       |       |     3 |     1 |     1 |     5 |     1 ||    11
         Phial of floods   |       |       |       |       |       |     2 |       |     1 |       ||     3
         Box of beasts     |       |       |       |       |       |     1 |       |       |       ||     1
         Phantom mirror    |       |       |       |       |       |       |     1 |     1 |     1 ||     3
         Lightning rod     |       |       |       |       |       |       |     4 |       |       ||     4
    Use: Scroll            |       |       |       |    18 |    19 |     5 |     5 |     3 |    26 ||    76
         Potion            |       |       |       |       |     2 |       |       |     1 |    12 ||    15
   Stab: Distracted        |       |       |       |       |     1 |    14 |    13 |     9 |    27 ||    64
         Confused          |       |       |       |       |       |     2 |       |       |       ||     2
         Sleeping          |       |       |       |       |       |       |       |     2 |     5 ||     7
         Invisible         |       |       |       |       |       |       |       |       |     1 ||     1
 Armour: Robe              |     9 |    10 |    25 |       |       |       |       |       |    17 ||    61
         Steam dragon scal |       |       |       |    14 |    40 |       |       |       |       ||    54
         Leather armour    |       |       |       |       |    98 |   273 |   186 |    52 |   342 ||   951
         Skin              |       |       |       |       |       |     5 |       |       |       ||     5
         Ring mail         |       |       |       |       |       |       |       |   163 |    82 ||   245
  Dodge: Dodged            |     4 |     6 |    16 |    14 |    85 |   288 |   117 |   280 |   466 ||  1276
  Block: Other             |       |       |       |     3 |       |       |       |       |       ||     3
         Reflection        |       |       |       |     3 |    25 |    33 |    68 |    23 |       ||   152
         Kite shield       |       |       |       |    34 |   330 |   647 |   294 |   414 |   627 ||  2346

Table legend: (Time is in decaauts)
 A = Elapsed time spent in this place.
 B = Non-inter-level travel time spent in this place.
 C = Inter-level travel time spent in this place.
 D = Time resting spent in this place.
 E = Time spent auto-exploring this place.
 F = Levels seen in this place.
 G = Mean time per level.
                   A        B        C        D        E       F      G
               +--------+--------+--------+--------+--------+-----+--------+
         Total | 117359 | 108428 |   8931 |  41271 |  43310 |  61 | 1923.9 |
       Dungeon |  28319 |  24697 |   3622 |   7020 |  14278 |  15 | 1887.9 |
        Temple |     10 |     10 |      0 |      0 |      0 |   1 |   10.0 |
          Lair |  13388 |  12340 |   1048 |   3725 |   6382 |   5 | 2677.6 |
        Shoals |  12724 |  12452 |    272 |   6703 |   3249 |   4 | 3181.0 |
   Spider Nest |  11363 |  11008 |    355 |   4390 |   4200 |   4 | 2840.8 |
    Slime Pits |   2764 |   2653 |    111 |   1163 |    722 |   5 |  552.8 |
  Orcish Mines |   5438 |   5236 |    202 |   2178 |   1819 |   2 | 2719.0 |
   Elven Halls |   5885 |   5271 |    614 |   1303 |   1900 |   3 | 1961.7 |
        Vaults |  19516 |  18133 |   1383 |   8951 |   5174 |   5 | 3903.2 |
         Crypt |   6440 |   6284 |    156 |   2686 |   2070 |   3 | 2146.7 |
        Depths |   6664 |   5771 |    893 |   1665 |   2975 |   4 | 1666.0 |
           Zot |   3145 |   2876 |    269 |    971 |    320 |   5 |  629.0 |
         Abyss |    568 |    568 |      0 |      0 |      0 |   4 |  142.0 |
      Gauntlet |   1128 |   1128 |      0 |    511 |    221 |   1 | 1128.0 |
               +--------+--------+--------+--------+--------+-----+--------+

Top non-repeatable levels by time:
Vaults:4: 6549 daAuts
     D:9: 4634 daAuts
Shoals:4: 4296 daAuts
    D:13: 4196 daAuts
Vaults:3: 4176 daAuts
Spider:3: 3555 daAuts
Shoals:3: 3526 daAuts
Spider:4: 3451 daAuts
   Orc:2: 3414 daAuts
Vaults:2: 3367 daAuts
  Lair:3: 3183 daAuts
Vaults:1: 3069 daAuts
  Lair:2: 3010 daAuts
Depths:3: 2961 daAuts
Shoals:2: 2814 daAuts

Levels and vault maps discovered:
D:1:      minmay_arrival_arboretum_small, layout_basic, chequers_jeans
D:2:      layout_basic, hellmonk_ecumenical_altar_slurped_away, uniq_robin
D:3:      layout_loops_cross, nicolae_overflow_crystal_walls, uniq_jessica
D:4:      layout_gridville, lemuel_tele_altar
D:5:      layout_rooms, mainiacjoe_overflow_six_doors_small,
          grunt_gozag_breadcrumbs, minmay_temple_entry_antechambers,
          gammafunk_ghost_cemetery
D:6:      kennysheep_slugbush, layout_loops_cross
D:7:      layout_cave_pools, mainiacjoe_overflow_concentric_impassable,
          cheibrodos_ashenzari_chains, okawaru_gym_becter,
          mainiacjoe_overflow_24_doors, general_overflow_altar, serial_shops,
          shop, nicolae_specific_store
D:8:      layout_basic, mainiacjoe_overflow_brackets, uniq_maggie,
          uniq_prince_ribbit1, uniq_jeremiah
D:9:      lemuel_castle_with_subvaults [lemuel_castle_interior_original],
          layout_stronghold, nicolae_sif_muna_condensation, dpeg_oklobed_lair,
          david_orc_4, enter_bailey_2
D:10:     layout_layer_cave, david_defended_altar_orc
D:11:     layout_roguey, fedhas_altar_1
D:12:     layout_cave_pools, uniq_erolcha
D:13:     layout_basic, david_vaults_4, kennysheep_doodads
D:14:     layout_irregular_city, serial_glass, glass_columns_b, glass_columns_b,
          st_stairs_10, david_greed
D:15:     grunt_enter_depths_magical_seal, layout_layer_cave,
          serial_bayou_shore_a, dancing_weapons_uskayaw, uniq_agnes
Temple:   jpeg_temple_clearing
Lair:1:   layout_roguey, basic_altar
Lair:2:   regret_index_wax_grids, layout_big_grid
Lair:3:   dragon1_lemuel, layout_layer_cave, elwin_shoals_entry_rocks,
          spider_nest_entry_webs, gauntlet_entry_generic,
          nicolae_quartered_pool_little, kennysheep_rathole, uniq_nessos
Lair:4:   gammafunk_worm_tunnel, layout_gridlike, slime_entry_1,
          roderic_carrion_pond
Lair:5:   grunt_lair_end_beastmaster, layout_cellular_growth, uniq_urug
Shoals:1: layout_shoals
Shoals:2: layout_shoals
Shoals:3: layout_shoals, nicolae_shop_overcharged_wands, uniq_ilsuiw,
          uniq_polyphemus
Shoals:4: shoals_end_hellmonk_storm_palace [storm_palace_center_circular,
          storm_palace_corner_narrow, storm_palace_corner_reverse_hut,
          storm_palace_corner_narrow, storm_palace_corner_reverse_hut],
          serial_shops, uniq_mara, uniq_louise
Spider:1: layout_cave_pods, uniq_jorgrun, uniq_frances
Spider:2: layout_cave_pods
Spider:3: layout_spider_delve, nicolae_spider_jagged_tunnels
Spider:4: hellmonk_spider_rune_endless_swarm, nicolae_crawler_farm
Slime:1:  layout_caves
Slime:2:  layout_caves, uniq_dissolution
Slime:3:  layout_caves, nicolae_slime_phagocytosis, uniq_donald
Slime:4:  layout_caves, nicolae_slime_welcoming_committee
Slime:5:  slime_pit_nicolae_royal_road_to_ruin
Orc:1:    layout_caves, serial_shops, shop, nicolae_orc_flooded_monolith,
          uniq_nergalle
Orc:2:    grunt_orc_community_town_hall, layout_diamond_mine,
          grunt_orc_community_big_house_1, grunt_orc_community_big_house_2,
          grunt_orc_community_house_1, grunt_orc_community_house_1,
          grunt_orc_community_house_2, grunt_orc_community_house_3,
          grunt_orc_community_house_3, serial_shops, shop_fountains, shop,
          nicolae_shop_bloodbath_and_beyond, basic_altar, lemuel_statue_altar,
          einodemon_barbed_minivault
Elf:1:    eino_elf_arrival_shootout, layout_gridlike, serial_shops,
          nicolae_shop_behind_doors, nicolae_shop_tiny_statue_garden, shop,
          shop, hangedman_elf_disciples
Elf:2:    nicolae_elf_blades_crystal_corner, layout_gridlike,
          ebering_ghost_reflecting_pool, hangedman_elven_ridges,
          grunt_ministairs_3, nicolae_elevator_lobby_plus
Elf:3:    elf_hall_gauntlet_wide, layout_geoelf_grid, serial_shops, shop,
          uniq_bai_suzhen
Vaults:1: nicolae_vaults_mini_display_case, v_pattern_3, hangedman_vaults_slice,
          nicolae_vaults_storage_closets_1, vaults_mumra_hex,
          nicolae_vaults_little_squares_2, nicolae_vaults_closet_pinwheel_1,
          v_misc_25, vaults_dpeg_hooks, layout_vaults_maze_snakey, uniq_norris
Vaults:2: v_misc_26, vaults_room_door_hall, v_misc_5, hangedman_vaults_stream,
          v_misc_23, nicolae_vaults_rhombus_6, nicolae_vaults_little_squares_1,
          vaults_dpeg_diagonal, minmay_crypt_entry_necro_gods, v_misc_29,
          nicolae_vaults_storage_closets_2, vaults_dpeg_emergency_exit,
          nicolae_vaults_diamond_2, nicolae_vaults_apartment_1,
          layout_vaults_omnicross
Vaults:3: gammafunk_ghost_grave, v_alt_pattern_2, gammafunk_dig_for_victory,
          nicolae_vaults_octothorpe, layout_vaults_omnigrid, serial_shops,
          nicolae_shop_hallway_stairs, nicolae_shop_tiny_statue_garden,
          uniq_boris
Vaults:4: v_misc_3, st_greater_box_3, nicolae_vaults_house_2, v_alt_pattern_6,
          nicolae_vaults_alarming, v_pattern_2,
          vaults_standard_mumra_enter_the_diamond, vaults_room_fours,
          layout_vaults_omnibox
Vaults:5
Crypt:1:  layout_rooms, minmay_misc_feat_alley, uniq_zenata
Crypt:2:  layout_gridlike, roderic_lattice_octagonal_star
Crypt:3:  cryptofortress_bobbens
Depths:1: layout_cross, enter_ziggurat_f, lightli_too_deep,
          nicolae_zig_zag_zippers, serial_sigils_hangedman_clutch,
          nicolae_diode_stairs
Depths:2: dreamdust_experimentation, layout_cave_pools, abyss_entry,
          grunt_pan_entry_spiral, roderic_three_in_a_row,
          pf_hell_entry_tar_river, infiniplex_staircase_spiral
Depths:3: minmay_the_grid_triangle_9x9_recursive_2
          [minmay_the_grid_triangle_9x9_prize_top_heavy,
          minmay_the_grid_triangle_9x9_zippers_horizontal,
          minmay_the_grid_triangle_9x9_odd_lines,
          minmay_the_grid_triangle_9x9_limited_checkers], layout_cave_shapes,
          abyss_entry_crystal, minmay_misc_feat_x, grunt_hell_entry_dis_grunt,
          st_stairs_14, minmay_staircase_windowed_small
Depths:4: grunt_twist_and_shout, layout_cave_pools, hangedman_coc_ice_floe,
          serial_bayou_ford_a, uniq_parghit
Zot:1:    lemuel_firehouse, layout_onion_interference, st_stairs_13
Zot:2:    layout_onion_interference, grunt_megastairs_2
Zot:3:    layout_gridlike, grunt_ministairs_15, st_stairs_5,
          hangedman_zot_decor_checkerboard
Zot:4:    layout_basic, lemuel_elevator
Zot:5:    layout_basic, gammafunk_ghost_crypt

Table legend: (Time is in decaauts)
 A = Elapsed time spent in this place.
 B = Non-inter-level travel time spent in this place.
 C = Inter-level travel time spent in this place.
 D = Time resting spent in this place.
 E = Time spent auto-exploring this place.
 F = Levels seen in this place.
 G = Mean time per level.
                   A        B        C        D        E       F      G
               +--------+--------+--------+--------+--------+-----+--------+
         Total | 117359 | 108428 |   8931 |  41271 |  43310 |  61 | 1923.9 |
       Dungeon |  28319 |  24697 |   3622 |   7020 |  14278 |  15 | 1887.9 |
        Temple |     10 |     10 |      0 |      0 |      0 |   1 |   10.0 |
          Lair |  13388 |  12340 |   1048 |   3725 |   6382 |   5 | 2677.6 |
        Shoals |  12724 |  12452 |    272 |   6703 |   3249 |   4 | 3181.0 |
   Spider Nest |  11363 |  11008 |    355 |   4390 |   4200 |   4 | 2840.8 |
    Slime Pits |   2764 |   2653 |    111 |   1163 |    722 |   5 |  552.8 |
  Orcish Mines |   5438 |   5236 |    202 |   2178 |   1819 |   2 | 2719.0 |
   Elven Halls |   5885 |   5271 |    614 |   1303 |   1900 |   3 | 1961.7 |
        Vaults |  19516 |  18133 |   1383 |   8951 |   5174 |   5 | 3903.2 |
         Crypt |   6440 |   6284 |    156 |   2686 |   2070 |   3 | 2146.7 |
        Depths |   6664 |   5771 |    893 |   1665 |   2975 |   4 | 1666.0 |
           Zot |   3145 |   2876 |    269 |    971 |    320 |   5 |  629.0 |
         Abyss |    568 |    568 |      0 |      0 |      0 |   4 |  142.0 |
      Gauntlet |   1128 |   1128 |      0 |    511 |    221 |   1 | 1128.0 |
               +--------+--------+--------+--------+--------+-----+--------+

Top non-repeatable levels by time:
Vaults:4: 6549 daAuts
     D:9: 4634 daAuts
Shoals:4: 4296 daAuts
    D:13: 4196 daAuts
Vaults:3: 4176 daAuts
Spider:3: 3555 daAuts
Shoals:3: 3526 daAuts
Spider:4: 3451 daAuts
   Orc:2: 3414 daAuts
Vaults:2: 3367 daAuts
  Lair:3: 3183 daAuts
Vaults:1: 3069 daAuts
  Lair:2: 3010 daAuts
Depths:3: 2961 daAuts
Shoals:2: 2814 daAuts

Table legend:
 A = Kills in this place as a percentage of kills in the entire game.
 B = Kills by you in this place as a percentage of kills by you in the entire game.
 C = Kills by friends in this place as a percentage of kills by friends in the entire game.
 D = Other kills in this place as a percentage of other kills in the entire game.
 E = Experience gained in this place as a percentage of experience gained in the entire game.
 F = Experience gained in this place divided by the number of levels of this place that you have seen.
                   A       B       C       D       E      F
               +-------+-------+-------+-------+-------+----------------------
         Total | 100.0 | 100.0 | 100.0 | 100.0 | 100.0 | 22178.2
       Dungeon |  16.7 |  17.2 |  10.3 |  16.7 |   6.2 | 5633.1
          Lair |   8.2 |   7.9 |  13.0 |   0.0 |   3.9 | 10455.4
        Shoals |   7.9 |   8.1 |   6.0 |   0.0 |   7.3 | 24751.2
   Spider Nest |   9.1 |   9.2 |   7.6 |   0.0 |   7.7 | 26187.2
    Slime Pits |   5.3 |   5.6 |   1.6 |   0.0 |   6.5 | 17597.2
  Orcish Mines |   5.9 |   6.3 |   1.6 |   0.0 |   1.2 | 7902.0
   Elven Halls |   7.4 |   7.1 |  10.9 |   0.0 |   9.5 | 42657.3
        Vaults |  17.3 |  17.6 |  14.1 |   0.0 |  25.8 | 69773.8
         Crypt |   7.7 |   8.1 |   3.8 |   0.0 |   8.4 | 37957.7
        Depths |   5.8 |   5.7 |   6.5 |   0.0 |   9.7 | 32821.0
           Zot |   6.0 |   4.3 |  23.9 |  83.3 |  11.5 | 31242.0
         Abyss |   2.4 |   2.6 |   0.0 |   0.0 |   2.1 | 7121.2
      Gauntlet |   0.3 |   0.3 |   0.5 |   0.0 |   0.1 | 1858.0
               +-------+-------+-------+-------+-------+----------------------
